 Dungeon Crawl Stone Soup version 0.31.0-1-g2c135a008e (webtiles) character file.

Game seed: 12089779873802895927

2125998 qw the Merry Djinni (level 27, 174/211 HPs)
             Began as a Djinni Hunter on Jan 24, 2024.
             Was a High Priest of Okawaru.
             Escaped with the Orb
             ... and 3 runes!
             The game lasted 00:10:49 (43509 turns).

qw the Merry Djinni (Djinni Hunter)                Turns: 43509, Time: 00:10:50

Health: 174/211    AC: 31    Str:  8    XL:     27
Gold:   6777       EV: 40    Int: 12    God:    Okawaru [*****.] SH:  0 Dex: 31

rFire   + + +        c - +27 heavy crossbow "Sniper" {heavy, Acc+∞ SInv}
rCold   + . .        (shield currently unavailable)
rNeg    . . .        q - +7 swamp dragon scales of the Sunfish {rPois rC+ Regen+ Dex+3}
rPois   inf          m - +2 helmet
rElec   .            a - +1 cloak of Starlight {*Dazzle EV+4 Stlth--}
rCorr   +            w - +0 pair of gloves of the Sun {rF+ rCorr Slay+2}
SInv    +            (boots unavailable)
Will    ++...        b - amulet of Ocecvoti {Faith rC+ Slay+2 Stlth+}
Stlth   +            h - +5 ring of evasion
HPRegen 1.35/turn    o - +4 ring of protection
MPRegen 0.00/turn

%: faith
@: finesse-ful, flying
A: sickness immunity, fire resistance 3, cold vulnerability 1, float, innate
caster, HP casting, extra vitality 1, clumsy 1, mutation resistance 1, weak 1,
noise suppression
0: Orb of Zot
}: 3/15 runes: serpentine, barnacled, silver
a: Renounce Religion, Heroism, Finesse, Duel


You escaped.
You worshipped Okawaru.
Okawaru was extremely pleased with you.
You visited 9 branches of the dungeon, and saw 45 of its levels.

You collected 8524 gold pieces.
You spent 1747 gold pieces at shops.


Innate Abilities, Weirdness & Mutations

You are immune to sickness and miasma.
You are immune to poison.
Your flesh is almost immune to the effects of heat. (rF+++)
You are vulnerable to cold. (rC-)
You float through the air rather than walking.
You learn spells naturally, not from books.
Your magical power is your life essence.
You have superior vitality. (+4 MHP)
You are clumsy. (Dex -2)
You are somewhat resistant to further mutation.
You are weak. (Str -2)
You passively dampen the noise of your surroundings.


   Skills:
 + Level 21.9 Fighting
 O Level 27 Ranged Weapons
 - Level 16.2 Armour
 - Level 23.0 Dodging
 - Level 0.7 Stealth
 - Level 10.0 Invocations


You knew the following spells:

 Your Spells              Type           Power      Damage    Failure   Level
a - Kiss of Death         Conj/Necr      0%         2d5       56%         1
b - Call Imp              Summ           0%         N/A       71%         2
c - Static Discharge      Conj/Air       0%         3-3/arc   71%         2
d - Dispel Undead         Necr           0%         3d6       100%        4
e - Animate Armour        Summ/Erth      0%         N/A       100%        4
f - Arcjolt               Conj/Air       0%         1d10      100%        5
g - Death Channel         Necr           0%         N/A       100%        6
h - Bombard               Conj/Erth      0%         9d1       100%        6
i - Starburst             Conj/Fire      0%         6d3       100%        6
j - Discord               Hex            0%         N/A       100%        8
k - Summon Horrible Thin  Summ           0%         N/A       100%        8
l - Death's Door          Necr           0%         N/A       100%        9
m - Dragon's Call         Summ           0%         N/A       100%        9
Your spell library was empty.

Inventory:

Hand Weapons
 c - the +27 heavy crossbow "Sniper" (weapon) {heavy, Acc+∞ SInv}
   (You found it on level 2 of the Shoals)

   Acc+∞: It never misses its target.
   SInv:      It lets you see invisible.
Armour
 a - the +1 cloak of Starlight (worn) {*Dazzle EV+4 Stlth--}
   (You bought it in a shop on level 1 of the Vaults)

   *Dazzle:   It may blind those who miss an attack against the wearer in melee
   combat.
   EV+4:      It affects your evasion (+4).
   Stlth--:   It makes you much less stealthy.
 m - a +2 helmet (worn)
 q - the +7 swamp dragon scales of the Sunfish (worn) {rPois rC+ Regen+ Dex+3}
   (Okawaru gifted it to you on level 1 of the Lair of Beasts)

   Dex+3:     It affects your dexterity (+3).
   rC+:       It protects you from cold.
   rPois:     It protects you from poison Regen+: It increases your rate of
   health regeneration.
 r - a +2 helmet of see invisible
 w - the +0 pair of gloves of the Sun (worn) {rF+ rCorr Slay+2}
   (You acquired it on level 4 of the Shoals)

   Slay+2:    It affects your accuracy & damage with ranged weapons and melee
   (+2).
   rF+:       It protects you from fire.
   rCorr:     It protects you from acid and corrosion.
Jewellery
 b - the amulet of Ocecvoti (around neck) {Faith rC+ Slay+2 Stlth+}
   (You acquired it on level 6 of the Dungeon)

   [amulet of faith]

   Faith:     It allows you to gain divine favour quickly.
   Slay+2:    It affects your accuracy & damage with ranged weapons and melee
   (+2).
   rC+:       It protects you from cold.
   Stlth+:    It makes you more stealthy.
 h - a +5 ring of evasion (left hand)
 l - the ring of Okawaru's Regard {Ice Dex+2}
   (You found it on level 1 of the Realm of Zot)

   [ring of ice]

   Ice:       It enhances your ice magic.
   Dex+2:     It affects your dexterity (+2).
   rF-:       It makes you vulnerable to fire.
   rC+:       It protects you from cold.
 o - a +4 ring of protection (right hand)
 u - an amulet of reflection
 A - a ring of protection from fire
 Y - a ring of protection from fire
Wands
 k - a wand of polymorph (15)
 s - a wand of roots (34)
 t - a wand of digging (27)
Scrolls
 p - 8 scrolls of teleportation
 v - 4 scrolls of enchant weapon
 x - a scroll of brand weapon
 y - 17 scrolls of identify
 C - 9 scrolls of enchant armour
Potions
 d - 6 potions of haste
 e - 4 potions of heal wounds
 f - 9 potions of might
 g - 23 potions of curing
 i - 8 potions of enlightenment
 j - 8 potions of mutation
 n - 3 potions of cancellation

Dungeon Overview and Level Annotations

Branches:
Dungeon (15/15)            Temple (1/1) D:4            Lair (5/5) D:9
 Shoals (4/4) Lair:2        Snake (4/4) Lair:3        Slime (0/5) Lair:5
    Orc (2/2) D:10            Elf (0/3) Orc:2        Vaults (5/5) D:13
  Crypt (0/3) Vaults:3     Depths (4/4) D:15            Zot (5/5) Depths:4

Altars:
Ashenzari
Cheibriados
Dithmenos
Elyvilon
Fedhas
Gozag
Hepliaklqana
Makhleb
Nemelex Xobeh
Okawaru
Qazlal
Ru
Trog
Uskayaw
Wu Jian
Xom
Yredelemnul
Zin
The Shining One
Lugonu

Shops:
D:10 [(   Orc:2 (!*   Vaults:1 [

Portals:
Hell: Depths:1 Depths:2 Depths:3 Depths:4
Abyss: Depths:3
Pandemonium: Depths:1 Depths:2 Depths:3 Depths:4
Ziggurat: Depths:1

Annotations:
D:3 1 runed translucent door, Crazy Yiuf
D:5 3 runed translucent doors, qw's ghost, novice DjHu
Lair:3 exclusion: oklob plant
Snake:3 2 runed translucent doors, Seits's ghost, adept MiFi


Message History

Your hands slow down.
There is an open door here.
A ynoxinul comes into view.
You shoot a bolt. The bolt hits the ynoxinul!!!!
You kill the ynoxinul!
Okawaru accepts your kill.
What level of the Dungeon? (default 1, ? - help)
A Dabax and a lich come into view.
43496 ||| INVOKING Finesse.
You can now deal lightning-fast blows.
You shoot a bolt. The bolt hits Dabax!!!!
Dabax is heavily wounded.
You shoot a bolt. The bolt hits Dabax!!!
Dabax is severely wounded.
A smoke demon comes into view.
The lich mumbles some strange words.
The lich flickers and vanishes for a moment.
You shoot a bolt. The bolt hits Dabax!!!!
You kill Dabax!
Okawaru accepts your kill.
You shoot a bolt. The bolt hits the lich!!!
The lich is severely damaged.
The lich launches a ball of destructive magic.
An orb of destruction comes into view.
You shoot a bolt. The bolt hits the smoke demon!!!!!
You kill the smoke demon!
Okawaru accepts your kill.
You shoot a bolt. The bolt hits the lich!!!!!
You destroy the lich!
Okawaru accepts your kill.
What level of the Dungeon? (default 1, ? - help)
An orb of destruction is nearby!
The orb of destruction hits you!!!
A Brimstone Fiend comes into view.
There is a staircase leading out of the dungeon here.
You shoot a bolt. The bolt hits the Brimstone Fiend!!!!!
You kill the Brimstone Fiend!
Okawaru accepts your kill.
Your Dodging skill increases to level 23!
You have escaped!

#.#..#~~~#..#
#.#..#~~~#..#
#.#..#~S~#..#
#.#..#####..#
#.#.........#
#.#...}.}...#
##########.#.8.....8.#
...........#.........#
############....@....#
#.........#
#.8.....8.#
#.........#
#...}.}...#
#.........#
###########


You could see an electric eel.

Vanquished Creatures
  A seraph (Zot:2)
  4 ancient liches
  7 orbs of fire
  Frederick (Depths:4)
  Mennas (Vaults:4)
  Mara (Snake:4)
  3 juggernauts
  Josephina (Depths:2)
  5 Killer Klowns
  Bai Suzhen (Snake:3)
  6 curse toes
  Vashnia (Snake:3)
  Margery (Vaults:5)
  Nikola (Snake:2)
  14 golden dragons
  the Enchantress (Depths:2)
  A profane servitor (Depths:4)
  2 Brimstone Fiends
  3 Tzitzimimeh
  2 electric golems
  4 liches
  18 tentacled monstrosities
  A walking crystal tome (Depths:3)
  A searing wretch (Vaults:4)
  Jorgrun (D:12)
  4 pandemonium lords
  2 titans (Vaults:5)
  25 Orb Guardians
  A walking divine tome (Depths:4)
  4 quicksilver dragons
  9 sphinxes
  Frances (D:14)
  3 Executioners (Zot:2)
  Polyphemus (Shoals:2)
  Gastronok (D:8)
  3 krakens
  9 shadow dragons
  4 tengu reavers
  8 death cobs
  Aizul (Snake:1)
  A daeva (Zot:2)
  9 storm dragons
  5 protean progenitors
  Roxanne (Snake:1)
  9 fire giants
  4 nagarajas
  3 draconian monks
  9 frost giants
  5 draconian knights
  7 balrugs
  A deep elf sorcerer (Vaults:5)
  17 vault wardens
  An iron dragon (Depths:4)
  6 draconian scorchers
  3 draconian shifters
  A ghost moth (Zot:4)
  Louise (Shoals:1)
  A cacodemon (Zot:5)
  A ghoul (Vaults:3)
  2 angels
  2 draconian stormcallers
  8 spriggan defenders
  3 reapers
  3 draconian annihilators
  2 formless jellyfish
  17 ironbound preservers
  18 stone giants
  19 very ugly things
  5 ironbound thunderhulks
  A deep elf demonologist (Vaults:5)
  An apis (Shoals:4)
  2 lorocyprocas
  2 vampire knights
  2 deep elf death magi (Vaults:5)
  A war gargoyle (Vaults:5)
  9 green draconians
  5 black draconians
  Azrael (D:15)
  3 white draconians
  A deep elf annihilator (Vaults:5)
  4 red draconians
  Snorg (D:11)
  A bunyip (Zot:4)
  2 purple draconians
  25 dire elephants
  3 yellow draconians
  4 spark wasps (Depths:1)
  7 blizzard demons
  2 crystal guardians (Vaults:2)
  10 ettins
  8 merfolk javelineers
  11 fire dragons
  9 merfolk impalers
  12 yaktaur captains
  7 great orbs of eyes
  3 entropy weavers (Vaults:1)
  4 deep elf high priests (Vaults:5)
  A hell beast (Depths:2)
  8 ice dragons
  8 spriggan air magi
  Erolcha (Orc:1)
  29 vault guards
  14 ironbound frosthearts
  A juggernaut simulacrum (Depths:2)
  An ogre mage (D:14)
  4 salamander tyrants (Snake:4)
  2 peacekeepers
  5 death knights
  2 hydras
  2 rakshasas
  10 two-headed ogres
  2 catoblepae
  11 anacondas
  27 centaur warriors
  A two-headed ogre (shapeshifter) (Vaults:5)
  8 merfolk aquamancers
  12 naga warriors
  6 boulder beetles
  2 merfolk avatars
  9 death yaks
  2 vampire magi (Depths:1)
  4 deep troll shamans
  10 deep troll earth magi
  8 tengu warriors
  A hell hog (Depths:2)
  A shock serpent (shapeshifter) (Depths:3)
  7 spriggan berserkers
  13 naga sharpshooters
  8 shock serpents
  2 occultists (Depths:2)
  21 hell knights
  An orc high priest (Orc:1)
  2 sun demons (Depths:2)
  A soul eater (Zot:4)
  A skyshark (shapeshifter) (Vaults:3)
  6 iron trolls
  9 skysharks
  2 skeletal warriors
  Nergalle (D:10)
  5 salamander mystics
  2 sixfirhies
  A goliath frog (Lair:5)
  A golden dragon zombie (Depths:2)
  Lodul (D:12)
  9 mana vipers
  48 deep trolls
  5 cherubim
  5 glowing orange brains
  12 sea snakes
  Pikel (D:6)
  41 harpies
  4 phantasmal warriors
  7 flayed ghosts
  A glowing orange brain (shapeshifter) (Depths:4)
  2 steelbarb worms (shapeshifter)
  12 lindwurms
  8 arcanists
  2 deep elf pyromancers
  A deep elf zephyrmancer (Vaults:5)
  6 naga ritualists
  19 ironbound convokers
  2 deep elf archers (Vaults:5)
  6 orc knights
  5 orc sorcerers (Orc:2)
  11 fauns
  3 wolf spiders (Zot:2)
  26 ugly things
  8 necromancers
  7 cyclopes
  An oklob plant (Lair:3)
  2 salamanders (shapeshifter)
  21 salamanders
  3 meliai (D:13)
  11 manticores
  A frost giant zombie (Depths:2)
  21 moths of wrath
  5 elephants (Lair:1)
  A large abomination (Zot:2)
  4 guardian serpents (Snake:4)
  36 black mambas
  6 water nymphs
  18 vault sentinels
  34 slime creatures
  10 merfolk sirens
  4 kobold blastminers
  A rust devil (Depths:1)
  13 naga magi
  An orange demon (Zot:5)
  3 smoke demons
  16 cane toads
  An unseen horror (D:11)
  A rime drake (Lair:1)
  9 tengu conjurers
  53 yaktaurs
  Psyche (D:8)
  A spark wasp simulacrum (Depths:2)
  2 ice devils (Lair:2)
  4 freezing wraiths
  11 komodo dragons
  23 merfolk
  7 trolls
  2 hellwings
  2 tyrant leeches (Lair:5)
  A queen bee (shapeshifter) (D:13)
  A merfolk (shapeshifter) (Vaults:5)
  Grinder (D:5)
  A tarantella (Vaults:1)
  5 wind drakes
  3 glass eyes
  6 hornets
  19 blink frogs
  A fire giant simulacrum (Depths:2)
  2 iron dragon simulacra (Depths:2)
  3 polar bears
  A stone giant simulacrum (Depths:2)
  5 snapping turtles
  3 dream sheep
  A culicivora (Vaults:1)
  3 shadows
  A vampire (D:11)
  51 yaks
  7 spriggans
  4 fire elementals (D:15)
  13 wargs (Orc:2)
  11 water elementals
  A ynoxinul (D:1)
  4 humans (Zot:4)
  An elf simulacrum (Vaults:4)
  4 basilisks
  5 wraiths
  Grum (D:8)
  5 wyverns
  Eustachio (D:4)
  11 redbacks
  10 vampire mosquitoes
  A neqoxec (Depths:4)
  A glowing shapeshifter zombie (Depths:2)
  3 steam dragons
  29 nagas
  2 acid dragons
  24 water moccasins
  22 orc warriors
  4 hell hounds
  9 laughing skulls
  13 ogres
  24 wolves
  2 black bears
  2 centaurs
  A boggart (Vaults:1)
  3 lemures (D:6)
  A gnoll sergeant (D:12)
  A glowing shapeshifter simulacrum (Depths:2)
  11 bullfrogs
  4 scorpions
  4 wights
  6 killer bees (D:10)
  2 howler monkeys (D:8)
  2 electric eels
  A crimson imp (D:7)
  3 bombardier beetles
  3 hounds
  11 orc priests
  3 gnoll boudas
  5 jellies
  2 sleepcaps
  5 iguanas
  Natasha (thrice) (D:2)
  33 orc wizards
  17 gnolls
  5 adders
  A shadow imp (D:6)
  4 dart slugs
  A ribbon worm (D:2)
  71 orcs
  7 ball pythons
  8 bats
  14 endoplasms
  4 giant cockroaches
  2 goblins
  4 hobgoblins
  6 quokkas
  2 frilled lizards
  3 kobolds (D:2)
  7 rats
  An aspiring flesh (Zot:4)
  A butterfly (Lair:1)
  2 tentacles (Shoals:1)
1905 creatures vanquished.

Vanquished Creatures (others)
  A deep elf sorcerer (Vaults:2)
  A draconian shifter (Zot:5)
  A stone giant (Depths:2)
  4 black mambas (Snake:2)
  An orc priest (Vaults:5)
  21 tentacles
29 creatures vanquished.

Grand Total: 1934 creatures vanquished

Notes
Turn   | Place    | Note
-------+----------+-------------------------------------------
     0 | D:1      | qw the Djinni Hunter began the quest for the Orb.
     0 | D:1      | Reached XP level 1. HP: 18/18 MP: 0/0
     0 | D:1      | 0 ||| qw: Version: 0.3-a-136-gdd3b4e8
     0 | D:1      | 0 ||| qw: Game counter: 1462
     0 | D:1      | 0 ||| qw: Melee chars always use a shield: true
     0 | D:1      | 0 ||| qw: God list: Okawaru
     0 | D:1      | 0 ||| qw: Allow faded altars: false
     0 | D:1      | 0 ||| qw: Do Orc after clearing Dungeon:15 true
     0 | D:1      | 0 ||| qw: Do second Lair branch before Depths: true
     0 | D:1      | 0 ||| qw: Lair rune preference: random
     0 | D:1      | 0 ||| qw: Goals: Normal
     0 | D:1      | 0 ||| PLANNING D:1-11
     1 | D:1      | Noticed an electric eel
   141 | D:1      | Reached XP level 2. HP: 23/23 MP: 0/0
   558 | D:1      | 558 ||| READING 2 scrolls labelled ZOABLOA VIESIUSU.
   558 | D:1      | 558 ||| IDENTIFYING green potion
   559 | D:1      | 559 ||| READING scroll of identify.
   559 | D:1      | 559 ||| IDENTIFYING 2 scrolls labelled VUEN CASTRAX
   560 | D:1      | 560 ||| DROPPING scroll of butterflies.
   561 | D:1      | 561 ||| DROPPING 2 scrolls of noise.
   638 | D:2      | Reached XP level 3. HP: 28/28 MP: 0/0
   638 | D:2      | Learned a level 1 spell: Kiss of Death
   660 | D:2      | Reached skill level 4 in Ranged Weapons
   762 | D:2      | Noticed Natasha
   771 | D:2      | 771 ||| RETREEEEATING.
   772 | D:2      | 772 ||| RETREEEEATING.
   774 | D:2      | Killed Natasha
   775 | D:2      | Reached XP level 4. HP: 22/34 MP: 0/0
   829 | D:2      | Noticed Natasha
   836 | D:2      | Reached skill level 3 in Fighting
   842 | D:2      | Killed Natasha
   944 | D:2      | Reached skill level 3 in Dodging
  1096 | D:2      | 1096 ||| SWAPPING to +4 orcbow of electrocution.
  1097 | D:2      | 1097 ||| DROPPING +0 shortbow.
  1319 | D:2      | Reached XP level 5. HP: 40/40 MP: 0/0
  1319 | D:2      | Learned a level 2 spell: Call Imp
  1400 | D:2      | Noticed Natasha
  1405 | D:2      | Killed Natasha
  1684 | D:2      | 1684 ||| UPGRADING to +5 ring of evasion.
  1685 | D:2      | 1685 ||| READING scroll of identify.
  1685 | D:2      | 1685 ||| IDENTIFYING emerald potion
  1686 | D:2      | 1686 ||| READING 3 scrolls labelled UGOEDA COMA.
  1686 | D:2      | 1686 ||| ENCHANTING +0 leather armour.
  1687 | D:2      | 1687 ||| READING scroll labelled DATHRI NO BEOJ.
  1687 | D:2      | 1687 ||| ENCHANTING +4 orcbow of electrocution.
  1688 | D:2      | 1688 ||| READING scroll labelled CAP DERCHIYLUMA.
  1814 | D:3      | Reached skill level 5 in Ranged Weapons
  1814 | D:3      | Reached XP level 6. HP: 46/46 MP: 0/0
  1815 | D:3      | 1815 ||| READING scroll of enchant weapon.
  1815 | D:3      | 1815 ||| ENCHANTING +5 orcbow of electrocution.
  2102 | D:3      | Found a runed translucent door.
  2103 | D:3      | Noticed Crazy Yiuf
  2106 | D:3      | 2106 ||| DRINKING 2 metallic red potions.
  2163 | D:4      | Found a staircase to the Ecumenical Temple.
  2164 | D:4      | 2164 ||| PLANNING TEMPLE
  2190 | Temple   | Entered the Ecumenical Temple
  2191 | Temple   | 2191 ||| PLANNING OKAWARU WORSHIP
  2203 | Temple   | Became a worshipper of Warmaster Okawaru
  2204 | Temple   | 2204 ||| PLANNING D:1-11
  2381 | D:4      | Found a blossoming altar of Fedhas.
  2400 | D:4      | Reached XP level 7. HP: 48/52 MP: 0/0
  2400 | D:4      | Learned a level 2 spell: Static Discharge
  2641 | D:4      | Noticed Eustachio
  2642 | D:4      | 2642 ||| DRINKING 2 potions of haste.
  2644 | D:4      | Killed Eustachio
  2645 | D:4      | Reached skill level 6 in Ranged Weapons
  2925 | D:4      | 2925 ||| UPGRADING to +0 pair of gloves.
  2930 | D:4      | 2930 ||| UPGRADING to +2 leather armour of poison
                  | resistance.
  2940 | D:4      | 2940 ||| DROPPING +1 leather armour.
  2941 | D:4      | 2941 ||| READING 2 scrolls of enchant armour.
  2941 | D:4      | 2941 ||| ENCHANTING +0 pair of gloves.
  2942 | D:4      | 2942 ||| READING scroll of enchant armour.
  2942 | D:4      | 2942 ||| ENCHANTING +1 pair of gloves.
  2943 | D:4      | 2943 ||| READING scroll labelled MYB VEOGHOUVI.
  2944 | D:4      | 2944 ||| DRINKING 2 red potions.
  2945 | D:4      | 2945 ||| DRINKING 3 orange potions.
  2946 | D:4      | 2946 ||| DROPPING potion of brilliance.
  2947 | D:4      | 2947 ||| DROPPING 2 potions of degeneration.
  2991 | D:5      | Entered Level 5 of the Dungeon
  3003 | D:5      | Found a hide-covered altar of Uskayaw.
  3013 | D:5      | Found a runed translucent gate.
  3013 | D:5      | Found a runed translucent gate.
  3013 | D:5      | Found a runed translucent gate.
  3018 | D:5      | Noticed qw's ghost (novice DjHu)
  3028 | D:5      | Reached skill level 1 in Armour
  3037 | D:5      | Reached * piety under Okawaru
  3060 | D:5      | Reached XP level 8. HP: 58/58 MP: 0/0
  3061 | D:5      | Reached skill level 1 in Invocations
  3120 | D:5      | Noticed Grinder
  3123 | D:5      | 3123 ||| INVOKING Heroism.
  3127 | D:5      | Killed Grinder
  3141 | D:5      | Found a stormy altar of Qazlal.
  3239 | D:5      | Reached skill level 3 in Invocations
  3369 | D:5      | 3369 ||| READING scroll labelled VIAXAD BOQODOEWK.
  3370 | D:5      | 3370 ||| READING scroll labelled TAGUBLOMOY.
  3370 | D:5      | 3370 ||| BRANDING +6 orcbow of electrocution.
  3371 | D:5      | 3371 ||| DRINKING 2 black potions.
  3486 | D:6      | Reached ** piety under Okawaru
  3487 | D:6      | Reached skill level 7 in Ranged Weapons
  3633 | D:6      | Reached XP level 9. HP: 65/65 MP: 0/0
  3633 | D:6      | Learned a level 4 spell: Dispel Undead
  3711 | D:6      | Noticed Pikel
  3713 | D:6      | 3713 ||| INVOKING Heroism.
  3726 | D:6      | Killed Pikel
  3727 | D:6      | Reached skill level 6 in Dodging
  4366 | D:6      | 4366 ||| READING scroll of identify.
  4366 | D:6      | 4366 ||| IDENTIFYING sedimented coppery potion
  4367 | D:6      | 4367 ||| READING scroll labelled KON YMNYRUDWUA.
  4367 | D:6      | Identified a scroll of acquirement
  4367 | D:6      | 4367 ||| ACQUIRING amulet of Ocecvoti {Faith rC+ Slay+2
                  | Stlth+}
  4367 | D:6      | Acquired the amulet of Ocecvoti {Faith rC+ Slay+2 Stlth+}
  4369 | D:6      | 4369 ||| UPGRADING to amulet of Ocecvoti {Faith rC+ Slay+2
                  | Stlth+}.
  4445 | D:7      | Found a burning altar of Makhleb.
  4640 | D:7      | Reached skill level 8 in Ranged Weapons
  4661 | D:7      | Reached *** piety under Okawaru
  4733 | D:7      | Found a shimmering altar of Xom.
  4745 | D:7      | Reached skill level 6 in Fighting
  4786 | D:7      | Found a broken altar of Ashenzari.
  4929 | D:7      | Reached XP level 10. HP: 72/72 MP: 0/0
  5518 | D:8      | Found a hazy altar of Hepliaklqana.
  5521 | D:8      | Found a snail-covered altar of Cheibriados.
  5524 | D:8      | Reached skill level 9 in Ranged Weapons
  5546 | D:8      | Found a glowing silver altar of Zin.
  5582 | D:8      | Noticed Psyche
  5586 | D:8      | Killed Psyche
  5586 | D:8      | Reached **** piety under Okawaru
  5591 | D:8      | Noticed Gastronok
  5592 | D:8      | 5592 ||| INVOKING Finesse.
  5605 | D:8      | Killed Gastronok
  5858 | D:8      | Noticed Grum
  5861 | D:8      | 5861 ||| RETREEEEATING.
  5862 | D:8      | 5862 ||| RETREEEEATING.
  5864 | D:8      | 5864 ||| RETREEEEATING.
  5866 | D:8      | Killed Grum
  5895 | D:8      | Reached ***** piety under Okawaru
  5936 | D:8      | Found a bloodstained altar of Trog.
  6064 | D:8      | 6064 ||| READING scroll of identify.
  6064 | D:8      | 6064 ||| IDENTIFYING inky potion
  6065 | D:8      | 6065 ||| READING scroll labelled VIOXTACYOTH.
  6066 | D:8      | 6066 ||| DROPPING potion of berserk rage.
  6108 | D:9      | Reached XP level 11. HP: 81/81 MP: 0/0
  6108 | D:9      | Learned a level 4 spell: Animate Armour
  6170 | D:9      | Found a glowing golden altar of the Shining One.
  6201 | D:9      | Received a gift from Okawaru
  6211 | D:9      | Reached skill level 6 in Invocations
  6259 | D:9      | Found a staircase to the Lair.
  6273 | D:9      | 6273 ||| RETREEEEATING.
  6274 | D:9      | 6274 ||| RETREEEEATING.
  6275 | D:9      | 6275 ||| RETREEEEATING.
  6276 | D:9      | 6276 ||| RETREEEEATING.
  6277 | D:9      | 6277 ||| RETREEEEATING.
  6278 | D:9      | 6278 ||| RETREEEEATING.
  6281 | D:9      | Reached skill level 10 in Ranged Weapons
  6774 | D:9      | 6774 ||| PLANNING LAIR
  6774 | D:9      | 6774 ||| UPGRADING to +0 cloak.
  6779 | D:9      | 6779 ||| READING 3 scrolls of enchant armour.
  6779 | D:9      | 6779 ||| ENCHANTING +0 cloak.
  6780 | D:9      | 6780 ||| READING 2 scrolls of enchant armour.
  6780 | D:9      | 6780 ||| ENCHANTING +1 cloak.
  6781 | D:9      | 6781 ||| UPGRADING to ring of protection from fire.
  6782 | D:9      | 6782 ||| READING scroll of identify.
  6782 | D:9      | 6782 ||| IDENTIFYING fizzy amethyst potion
  6783 | D:9      | 6783 ||| READING scroll labelled ZAGEPA FIPAYFF.
  6788 | D:9      | 6788 ||| READING scroll labelled LAASIPO QYNOFA.
  6789 | D:9      | 6789 ||| DROPPING potion of invisibility.
  6797 | Lair:1   | Entered Level 1 of the Lair of Beasts
  6810 | Lair:1   | 6810 ||| INVOKING Finesse.
  6811 | Lair:1   | 6811 ||| INVOKING Heroism.
  6955 | Lair:1   | Noticed an elephant
  6955 | Lair:1   | Noticed an elephant
  6955 | Lair:1   | Noticed an elephant
  6956 | Lair:1   | 6956 ||| INVOKING Finesse.
  6963 | Lair:1   | Noticed an elephant
  6970 | Lair:1   | Killed an elephant
  6970 | Lair:1   | Received a gift from Okawaru
  6973 | Lair:1   | Noticed an elephant
  6983 | Lair:1   | Killed an elephant
  6989 | Lair:1   | 6989 ||| INVOKING Finesse.
  6992 | Lair:1   | Killed an elephant
  7000 | Lair:1   | Killed an elephant
  7003 | Lair:1   | Killed an elephant
  7083 | Lair:1   | Reached XP level 12. HP: 86/86 MP: 0/0
  7132 | Lair:1   | 7132 ||| RETREEEEATING.
  7133 | Lair:1   | 7133 ||| RETREEEEATING.
  7134 | Lair:1   | 7134 ||| RETREEEEATING.
  7135 | Lair:1   | 7135 ||| RETREEEEATING.
  7138 | Lair:1   | Received a gift from Okawaru
  7143 | Lair:1   | 7143 ||| RETREEEEATING.
  7146 | Lair:1   | Reached skill level 9 in Invocations
  7148 | Lair:1   | 7148 ||| RETREEEEATING.
  7149 | Lair:1   | 7149 ||| RETREEEEATING.
  7150 | Lair:1   | 7150 ||| RETREEEEATING.
  7152 | Lair:1   | 7152 ||| RETREEEEATING.
  7153 | Lair:1   | 7153 ||| RETREEEEATING.
  7154 | Lair:1   | 7154 ||| RETREEEEATING.
  7155 | Lair:1   | 7155 ||| RETREEEEATING.
  7156 | Lair:1   | 7156 ||| RETREEEEATING.
  7196 | Lair:1   | 7196 ||| RETREEEEATING.
  7197 | Lair:1   | 7197 ||| RETREEEEATING.
  7198 | Lair:1   | 7198 ||| RETREEEEATING.
  7199 | Lair:1   | 7199 ||| RETREEEEATING.
  7200 | Lair:1   | 7200 ||| RETREEEEATING.
  7201 | Lair:1   | 7201 ||| RETREEEEATING.
  7202 | Lair:1   | 7202 ||| RETREEEEATING.
  7203 | Lair:1   | 7203 ||| RETREEEEATING.
  7205 | Lair:1   | 7205 ||| RETREEEEATING.
  7206 | Lair:1   | 7206 ||| RETREEEEATING.
  7207 | Lair:1   | 7207 ||| RETREEEEATING.
  7212 | Lair:1   | Reached skill level 9 in Dodging
  7255 | Lair:1   | 7255 ||| RETREEEEATING.
  7257 | Lair:1   | 7257 ||| RETREEEEATING.
  7259 | Lair:1   | 7259 ||| RETREEEEATING.
  7262 | Lair:1   | 7262 ||| RETREEEEATING.
  7273 | Lair:1   | 7273 ||| RETREEEEATING.
  7275 | Lair:1   | 7275 ||| RETREEEEATING.
  7276 | Lair:1   | 7276 ||| RETREEEEATING.
  7277 | Lair:1   | 7277 ||| RETREEEEATING.
  7278 | Lair:1   | 7278 ||| RETREEEEATING.
  7353 | Lair:1   | Reached skill level 11 in Ranged Weapons
  7709 | Lair:1   | Reached ****** piety under Okawaru
  7709 | Lair:1   | Received a gift from Okawaru
  7710 | Lair:1   | 7710 ||| INVOKING Receive Weapon.
  7710 | Lair:1   | 7710 ||| ACQUIRING +8 orcbow of Death's Door {speed, +Blink
                  | SInv}
  7710 | Lair:1   | Acquired the +8 orcbow of Death's Door {speed, +Blink SInv}
  7710 | Lair:1   | Received a gift from Okawaru
  7711 | Lair:1   | 7711 ||| INVOKING Receive Armour.
  7711 | Lair:1   | 7711 ||| ACQUIRING +7 swamp dragon scales of the Sunfish
                  | {rPois rC+ Regen+ Dex+3}
  7711 | Lair:1   | Acquired the +7 swamp dragon scales of the Sunfish {rPois
                  | rC+ Regen+ Dex+3}
  7711 | Lair:1   | Received a gift from Okawaru
  7713 | Lair:1   | 7713 ||| SWAPPING to +8 orcbow of Death's Door {speed,
                  | +Blink SInv}.
  7714 | Lair:1   | 7714 ||| DROPPING +6 orcbow of draining.
  7828 | Lair:1   | 7828 ||| DROPPING +0 steam dragon scales.
  7829 | Lair:1   | 7829 ||| UPGRADING to +7 swamp dragon scales of the Sunfish
                  | {rPois rC+ Regen+ Dex+3}.
  7839 | Lair:1   | 7839 ||| DROPPING +2 leather armour of poison resistance.
  7840 | Lair:1   | 7840 ||| DROPPING +2 robe of resistance.
  7841 | Lair:1   | 7841 ||| READING scroll of identify.
  7841 | Lair:1   | 7841 ||| IDENTIFYING amethyst potion
  7842 | Lair:1   | 7842 ||| DROPPING potion of magic.
  7893 | Lair:2   | 7893 ||| STAIRDANCE
  7923 | Lair:2   | Reached skill level 3 in Armour
  8209 | Lair:2   | 8209 ||| RETREEEEATING.
  8211 | Lair:2   | 8211 ||| RETREEEEATING.
  8212 | Lair:2   | 8212 ||| RETREEEEATING.
  8214 | Lair:2   | 8214 ||| RETREEEEATING.
  8217 | Lair:2   | 8217 ||| RETREEEEATING.
  8220 | Lair:2   | 8220 ||| RETREEEEATING.
  8342 | Lair:2   | 8342 ||| RETREEEEATING.
  8343 | Lair:2   | 8343 ||| RETREEEEATING.
  8351 | Lair:2   | Reached skill level 9 in Fighting
  8354 | Lair:2   | 8354 ||| RETREEEEATING.
  8355 | Lair:2   | 8355 ||| RETREEEEATING.
  8356 | Lair:2   | 8356 ||| RETREEEEATING.
  8357 | Lair:2   | 8357 ||| RETREEEEATING.
  8560 | Lair:2   | Found a staircase to the Shoals.
  8567 | Lair:2   | Reached XP level 13. HP: 94/94 MP: 0/0
  8567 | Lair:2   | Learned a level 5 spell: Arcjolt
  8693 | Lair:2   | Found a frozen archway.
  8801 | Lair:2   | 8801 ||| UPGRADING to +0 helmet.
  8806 | Lair:2   | 8806 ||| READING scroll of enchant armour.
  8806 | Lair:2   | 8806 ||| ENCHANTING +0 helmet.
  8807 | Lair:2   | 8807 ||| READING 2 scrolls of identify.
  8807 | Lair:2   | 8807 ||| IDENTIFYING sapphire potion
  8860 | Lair:3   | Received a gift from Okawaru
  8936 | Lair:3   | Reached skill level 6 in Armour
  9152 | Lair:3   | Found a staircase to the Snake Pit.
  9170 | Lair:3   | Reached skill level 12 in Ranged Weapons
  9433 | Lair:3   | Found a blossoming altar of Fedhas.
  9450 | Lair:3   | 9450 ||| DROPPING amulet of regeneration.
  9709 | Lair:3   | Received a gift from Okawaru
  9911 | Lair:4   | Noticed an eight-headed hydra
  9912 | Lair:4   | 9912 ||| INVOKING Finesse.
  9918 | Lair:4   | Killed an eight-headed hydra
 10727 | Lair:4   | Identified the +1 mace "Newtbane" {freeze, rPois rC+ Int+2}
 10916 | Lair:5   | Entered Level 5 of the Lair of Beasts
 10943 | Lair:5   | 10943 ||| RETREEEEATING.
 10982 | Lair:5   | 10982 ||| RETREEEEATING.
 10983 | Lair:5   | 10983 ||| RETREEEEATING.
 10984 | Lair:5   | 10984 ||| RETREEEEATING.
 10985 | Lair:5   | 10985 ||| RETREEEEATING.
 10986 | Lair:5   | 10986 ||| RETREEEEATING.
 10987 | Lair:5   | 10987 ||| RETREEEEATING.
 10988 | Lair:5   | 10988 ||| RETREEEEATING.
 10989 | Lair:5   | 10989 ||| RETREEEEATING.
 10990 | Lair:5   | 10990 ||| RETREEEEATING.
 10991 | Lair:5   | 10991 ||| RETREEEEATING.
 11000 | Lair:5   | Received a gift from Okawaru
 11054 | Lair:5   | Found a staircase to the Slime Pits.
 11184 | Lair:5   | Received a gift from Okawaru
 11200 | Lair:5   | Reached skill level 13 in Ranged Weapons
 11222 | Lair:5   | 11222 ||| RETREEEEATING.
 11224 | Lair:5   | 11224 ||| RETREEEEATING.
 11231 | Lair:5   | Reached XP level 14. HP: 103/103 MP: 0/0
 11272 | Lair:5   | 11272 ||| RETREEEEATING.
 11293 | Lair:5   | 11293 ||| INVOKING Finesse.
 11328 | Lair:5   | 11328 ||| Stepping ~*~*~tactically~*~*~ (cloud).
 11429 | Lair:5   | Received a gift from Okawaru
 11545 | Lair:5   | Identified the staff "Suoden" {rPois rF+ rN+ Dex+4 Fire}
 11671 | Lair:5   | 11671 ||| PLANNING D:1-11
 11671 | Lair:5   | 11671 ||| DROPPING ring of wizardry.
 11803 | D:10     | Entered Level 10 of the Dungeon
 11841 | D:10     | Reached skill level 14 in Ranged Weapons
 11856 | D:10     | Found a sacrificial altar of Ru.
 11858 | D:10     | Noticed Nergalle
 11868 | D:10     | 11868 ||| RETREEEEATING.
 11869 | D:10     | 11869 ||| RETREEEEATING.
 11870 | D:10     | Killed Nergalle
 11917 | D:10     | Found an opulent altar of Gozag.
 12052 | D:10     | Found Fuerchiut's Weapon Emporium.
 12052 | D:10     | Found a staircase to the Orcish Mines.
 12057 | D:10     | 12057 ||| RETREEEEATING.
 12064 | D:10     | 12064 ||| RETREEEEATING.
 12074 | D:10     | 12074 ||| RETREEEEATING.
 12079 | D:10     | 12079 ||| RETREEEEATING.
 12080 | D:10     | 12080 ||| RETREEEEATING.
 12081 | D:10     | 12081 ||| RETREEEEATING.
 12082 | D:10     | 12082 ||| RETREEEEATING.
 12083 | D:10     | 12083 ||| RETREEEEATING.
 12084 | D:10     | 12084 ||| RETREEEEATING.
 12085 | D:10     | 12085 ||| RETREEEEATING.
 12086 | D:10     | 12086 ||| RETREEEEATING.
 12087 | D:10     | 12087 ||| RETREEEEATING.
 12088 | D:10     | 12088 ||| RETREEEEATING.
 12118 | D:10     | Found Enwomp's Armour Emporium.
 12311 | D:10     | Received a gift from Okawaru
 12396 | D:10     | Found a white marble altar of Elyvilon.
 12497 | D:10     | 12497 ||| READING 3 scrolls of identify.
 12497 | D:10     | 12497 ||| IDENTIFYING scroll labelled DERGHE VYSSYDGH
 12498 | D:10     | 12498 ||| DROPPING scroll of silence.
 12512 | D:11     | Found a blossoming altar of Fedhas.
 13013 | D:11     | Noticed Snorg
 13021 | D:11     | Killed Snorg
 13021 | D:11     | Received a gift from Okawaru
 13351 | D:11     | 13351 ||| PLANNING D
 13351 | D:11     | 13351 ||| READING 2 scrolls of identify.
 13351 | D:11     | 13351 ||| IDENTIFYING scroll labelled GABBOC KIT IPP
 13352 | D:11     | 13352 ||| READING scroll of identify.
 13352 | D:11     | 13352 ||| IDENTIFYING scroll labelled HALAKLU TUHEU
 13353 | D:11     | 13353 ||| DROPPING scroll of vulnerability.
 13354 | D:11     | 13354 ||| DROPPING scroll of revelation.
 13441 | D:12     | 13441 ||| RETREEEEATING.
 13442 | D:12     | 13442 ||| RETREEEEATING.
 13622 | D:12     | Identified the +4 whip "Udghirai" {vamp, ^Drain rF+ MP+9}
 13653 | D:12     | Reached XP level 15. HP: 110/110 MP: 0/0
 13653 | D:12     | Learned a level 6 spell: Death Channel
 13751 | D:12     | 13751 ||| RETREEEEATING.
 13753 | D:12     | 13753 ||| RETREEEEATING.
 13763 | D:12     | 13763 ||| FLEEEEING.
 13764 | D:12     | 13764 ||| FLEEEEING.
 13765 | D:12     | 13765 ||| FLEEEEING.
 13766 | D:12     | 13766 ||| FLEEEEING.
 13767 | D:12     | 13767 ||| FLEEEEING.
 13768 | D:12     | 13768 ||| FLEEEEING.
 13769 | D:12     | 13769 ||| FLEEEEING.
 13770 | D:12     | 13770 ||| FLEEEEING.
 13813 | D:12     | Noticed Lodul
 13814 | D:12     | 13814 ||| INVOKING Finesse.
 13824 | D:12     | Killed Lodul
 13824 | D:12     | Received a gift from Okawaru
 14019 | D:12     | Noticed Jorgrun
 14020 | D:12     | 14020 ||| INVOKING Finesse.
 14032 | D:12     | Killed Jorgrun
 14459 | D:13     | Reached skill level 15 in Ranged Weapons
 14858 | D:13     | Received a gift from Okawaru
 15026 | D:13     | Found a gate to the Vaults.
 15542 | D:13     | 15542 ||| READING scroll of identify.
 15542 | D:13     | 15542 ||| IDENTIFYING purple potion
 15543 | D:13     | 15543 ||| READING scroll labelled HEPYIW KIASYAH.
 15589 | D:13     | 15589 ||| DROPPING 2 scrolls of amnesia.
 15613 | D:14     | 15613 ||| RETREEEEATING.
 15620 | D:14     | 15620 ||| RETREEEEATING.
 15621 | D:14     | 15621 ||| RETREEEEATING.
 15622 | D:14     | 15622 ||| RETREEEEATING.
 15629 | D:14     | Reached skill level 12 in Dodging
 15632 | D:14     | 15632 ||| RETREEEEATING.
 15633 | D:14     | 15633 ||| RETREEEEATING.
 15634 | D:14     | 15634 ||| RETREEEEATING.
 15634 | D:14     | Noticed Frances
 15635 | D:14     | 15635 ||| RETREEEEATING.
 15636 | D:14     | 15636 ||| RETREEEEATING.
 15637 | D:14     | 15637 ||| RETREEEEATING.
 15638 | D:14     | 15638 ||| RETREEEEATING.
 15639 | D:14     | 15639 ||| RETREEEEATING.
 15640 | D:14     | 15640 ||| RETREEEEATING.
 15641 | D:14     | 15641 ||| RETREEEEATING.
 15642 | D:14     | 15642 ||| RETREEEEATING.
 15643 | D:14     | 15643 ||| INVOKING Finesse.
 15644 | D:14     | 15644 ||| READING 3 scrolls of teleportation.
 15783 | D:14     | 15783 ||| INVOKING Finesse.
 15877 | D:14     | 15877 ||| RETREEEEATING.
 15879 | D:14     | 15879 ||| RETREEEEATING.
 15880 | D:14     | 15880 ||| RETREEEEATING.
 15881 | D:14     | 15881 ||| RETREEEEATING.
 15882 | D:14     | 15882 ||| RETREEEEATING.
 15883 | D:14     | 15883 ||| RETREEEEATING.
 15884 | D:14     | 15884 ||| RETREEEEATING.
 15887 | D:14     | 15887 ||| RETREEEEATING.
 15891 | D:14     | 15891 ||| RETREEEEATING.
 15894 | D:14     | 15894 ||| RETREEEEATING.
 15899 | D:14     | Reached skill level 12 in Fighting
 16096 | D:14     | 16096 ||| INVOKING Finesse.
 16113 | D:14     | Killed Frances
 16113 | D:14     | Received a gift from Okawaru
 16415 | D:15     | Entered Level 15 of the Dungeon
 16416 | D:15     | 16416 ||| STAIRDANCE
 16428 | D:15     | 16428 ||| STAIRDANCE
 16430 | D:14     | 16430 ||| RETREEEEATING.
 16431 | D:14     | 16431 ||| RETREEEEATING.
 16432 | D:14     | 16432 ||| RETREEEEATING.
 16433 | D:14     | 16433 ||| RETREEEEATING.
 16434 | D:14     | 16434 ||| RETREEEEATING.
 16435 | D:14     | 16435 ||| RETREEEEATING.
 16436 | D:14     | 16436 ||| RETREEEEATING.
 16437 | D:14     | 16437 ||| INVOKING Finesse.
 16484 | D:15     | 16484 ||| STAIRDANCE
 16550 | D:15     | Noticed Azrael
 16551 | D:15     | 16551 ||| RETREEEEATING.
 16593 | D:15     | Killed Azrael
 16637 | D:15     | 16637 ||| INVOKING Finesse.
 16640 | D:15     | Received a gift from Okawaru
 16660 | D:15     | Reached XP level 16. HP: 100/118 MP: 0/0
 16868 | D:15     | Reached skill level 16 in Ranged Weapons
 16987 | D:15     | 16987 ||| READING scroll of enchant armour.
 16987 | D:15     | 16987 ||| ENCHANTING +1 helmet.
 17098 | D:15     | Found a snail-covered altar of Cheibriados.
 17221 | D:15     | Found a staircase to the Depths.
 17313 | D:15     | 17313 ||| PLANNING ORC
 17313 | D:15     | 17313 ||| UPGRADING to +6 ring of strength.
 17315 | D:15     | 17315 ||| DROPPING ring of fire.
 17484 | Orc:1    | Entered Level 1 of the Orcish Mines
 17489 | Orc:1    | 17489 ||| STAIRDANCE
 17495 | Orc:1    | 17495 ||| STAIRDANCE
 17502 | Orc:1    | 17502 ||| STAIRDANCE
 17506 | D:10     | Received a gift from Okawaru
 17517 | Orc:1    | 17517 ||| STAIRDANCE
 17526 | Orc:1    | 17526 ||| STAIRDANCE
 17535 | Orc:1    | 17535 ||| STAIRDANCE
 17540 | Orc:1    | 17540 ||| STAIRDANCE
 17571 | Orc:1    | 17571 ||| STAIRDANCE
 17585 | Orc:1    | Noticed Erolcha
 17598 | Orc:1    | Killed Erolcha
 17693 | Orc:2    | Entered Level 2 of the Orcish Mines
 17739 | Orc:2    | 17739 ||| INVOKING Finesse.
 17799 | Orc:2    | Found a staircase to the Elven Halls.
 18332 | Orc:2    | Found a dark tunnel.
 18403 | Orc:2    | Found Exug's Assorted Antiques.
 18403 | Orc:2    | Found Watiol's Distillery.
 18415 | Orc:2    | Received a gift from Okawaru
 18421 | Orc:2    | 18421 ||| BUYING potion of cancellation (232 gold).
 18421 | Orc:2    | Bought a potion of cancellation for 232 gold pieces
 18421 | Orc:2    | 18421 ||| BUYING scroll of identify (58 gold).
 18421 | Orc:2    | Bought a scroll of identify for 58 gold pieces
 18438 | Orc:2    | 18438 ||| BUYING 2 potions of curing (90 gold).
 18438 | Orc:2    | Bought 2 potions of curing for 90 gold pieces
 18438 | Orc:2    | 18438 ||| BUYING potion of enlightenment (75 gold).
 18438 | Orc:2    | Bought a potion of enlightenment for 75 gold pieces
 18438 | Orc:2    | 18438 ||| BUYING potion of enlightenment (75 gold).
 18438 | Orc:2    | Bought a potion of enlightenment for 75 gold pieces
 18438 | Orc:2    | 18438 ||| BUYING potion of heal wounds (75 gold).
 18438 | Orc:2    | Bought a potion of heal wounds for 75 gold pieces
 18438 | Orc:2    | 18438 ||| BUYING potion of heal wounds (75 gold).
 18438 | Orc:2    | Bought a potion of heal wounds for 75 gold pieces
 18473 | Orc:2    | 18473 ||| RETREEEEATING.
 18477 | Orc:2    | 18477 ||| INVOKING Finesse.
 18525 | Orc:2    | Found Xuerphak's Antique Weapon Boutique.
 18649 | Orc:2    | 18649 ||| PLANNING SNAKE:1-3
 18809 | Snake:1  | Entered Level 1 of the Snake Pit
 18812 | Snake:1  | 18812 ||| STAIRDANCE
 18825 | Snake:1  | 18825 ||| ZAPPING wand of light (4) at -5,0 (naga mage;
                  | floor).
 18826 | Snake:1  | 18826 ||| STAIRDANCE
 18832 | Snake:1  | 18832 ||| INVOKING Finesse.
 18869 | Snake:1  | Reached skill level 9 in Armour
 18975 | Snake:1  | Noticed Roxanne
 18976 | Snake:1  | 18976 ||| INVOKING Finesse.
 18989 | Snake:1  | Killed Roxanne
 19046 | Snake:1  | Identified the serpent talisman of Negation {Dex+2}
 19046 | Snake:1  | Noticed Aizul
 19047 | Snake:1  | 19047 ||| INVOKING Finesse.
 19068 | Snake:1  | Killed Aizul
 19068 | Snake:1  | Received a gift from Okawaru
 19177 | Snake:1  | Identified the +4 chain mail of Toujakeb {rC- Dex+6}
 19258 | Snake:1  | 19258 ||| RETREEEEATING.
 19261 | Snake:1  | 19261 ||| RETREEEEATING.
 19264 | Snake:1  | 19264 ||| RETREEEEATING.
 19265 | Snake:1  | 19265 ||| RETREEEEATING.
 19272 | Snake:1  | 19272 ||| RETREEEEATING.
 19273 | Snake:1  | 19273 ||| RETREEEEATING.
 19274 | Snake:1  | 19274 ||| RETREEEEATING.
 19275 | Snake:1  | 19275 ||| RETREEEEATING.
 19276 | Snake:1  | 19276 ||| RETREEEEATING.
 19277 | Snake:1  | 19277 ||| RETREEEEATING.
 19278 | Snake:1  | 19278 ||| RETREEEEATING.
 19279 | Snake:1  | 19279 ||| RETREEEEATING.
 19280 | Snake:1  | 19280 ||| RETREEEEATING.
 19730 | Snake:2  | Noticed Nikola
 19731 | Snake:2  | 19731 ||| STAIRDANCE
 19739 | Snake:2  | 19739 ||| STAIRDANCE
 19763 | Snake:2  | 19763 ||| INVOKING Finesse.
 19793 | Snake:2  | 19793 ||| STAIRDANCE
 19854 | Snake:2  | 19854 ||| INVOKING Finesse.
 19879 | Snake:2  | 19879 ||| STAIRDANCE
 19919 | Snake:2  | 19919 ||| STAIRDANCE
 19927 | Snake:2  | 19927 ||| INVOKING Finesse.
 19940 | Snake:2  | Killed Nikola
 19941 | Snake:2  | Reached XP level 17. HP: 106/126 MP: 0/0
 19941 | Snake:2  | Learned a level 6 spell: Bombard
 19987 | Snake:2  | Received a gift from Okawaru
 19988 | Snake:2  | Reached skill level 15 in Dodging
 20675 | Snake:2  | 20675 ||| UPGRADING to +2 cloak of willpower.
 20685 | Snake:2  | 20685 ||| DROPPING +2 cloak.
 20686 | Snake:2  | 20686 ||| READING 3 scrolls of identify.
 20686 | Snake:2  | 20686 ||| IDENTIFYING blue potion
 20687 | Snake:2  | 20687 ||| READING 2 scrolls of identify.
 20687 | Snake:2  | 20687 ||| IDENTIFYING silvery potion
 20688 | Snake:2  | 20688 ||| DROPPING potion of lignification.
 20689 | Snake:2  | 20689 ||| DROPPING potion of ambrosia.
 20738 | Snake:3  | Noticed Bai Suzhen
 20743 | Snake:3  | 20743 ||| ZAPPING wand of light (10) at 5,-1 (Bai Suzhen;
                  | floor).
 20746 | Snake:3  | 20746 ||| INVOKING Finesse.
 20782 | Snake:3  | Killed Bai Suzhen
 20783 | Snake:3  | 20783 ||| Stepping ~*~*~tactically~*~*~ (cloud).
 20793 | Snake:3  | 20793 ||| FLEEEEING.
 20797 | Snake:3  | 20797 ||| STAIRDANCE
 20843 | Snake:3  | 20843 ||| STAIRDANCE
 20850 | Snake:3  | 20850 ||| STAIRDANCE
 20887 | Snake:3  | 20887 ||| STAIRDANCE
 20986 | Snake:3  | Noticed Vashnia
 20987 | Snake:3  | 20987 ||| INVOKING Finesse.
 20997 | Snake:3  | Received a gift from Okawaru
 21026 | Snake:3  | Killed Vashnia
 21140 | Snake:3  | 21140 ||| INVOKING Finesse.
 21174 | Snake:3  | 21174 ||| READING scroll of acquirement.
 21174 | Snake:3  | 21174 ||| ACQUIRING +0 hand cannon of freezing
 21174 | Snake:3  | Acquired a +0 hand cannon of freezing
 21176 | Snake:3  | 21176 ||| SWAPPING to +0 hand cannon of freezing.
 21177 | Snake:3  | 21177 ||| DROPPING +8 orcbow of Death's Door {speed, +Blink
                  | SInv}.
 21178 | Snake:3  | 21178 ||| DROPPING +1 longbow of flaming.
 21179 | Snake:3  | 21179 ||| READING 2 scrolls of enchant weapon.
 21179 | Snake:3  | 21179 ||| ENCHANTING +0 hand cannon of freezing.
 21180 | Snake:3  | 21180 ||| READING scroll of enchant weapon.
 21180 | Snake:3  | 21180 ||| ENCHANTING +1 hand cannon of freezing.
 21224 | Snake:3  | Received a gift from Okawaru
 21227 | Snake:3  | 21227 ||| ZAPPING wand of light (9) at 4,-4 (naga mage;
                  | floor).
 21228 | Snake:3  | 21228 ||| ZAPPING wand of light (8) at 3,-3 (naga mage;
                  | floor).
 21229 | Snake:3  | 21229 ||| INVOKING Finesse.
 21277 | Snake:3  | Found a large runed translucent door.
 21277 | Snake:3  | Found a large runed translucent door.
 21278 | Snake:3  | Found the +7 captain's cutlass {speed, disarm}
 21278 | Snake:3  | Noticed Seits's ghost (adept MiFi)
 21733 | Snake:3  | 21733 ||| PLANNING SHOALS:1-3
 21733 | Snake:3  | 21733 ||| UPGRADING to ring of see invisible.
 21885 | Shoals:1 | Entered Level 1 of the Shoals
 21892 | Shoals:1 | 21892 ||| STAIRDANCE
 21997 | Shoals:1 | 21997 ||| STAIRDANCE
 22098 | Shoals:1 | 22098 ||| INVOKING Finesse.
 22137 | Shoals:1 | 22137 ||| RETREEEEATING.
 22143 | Shoals:1 | Received a gift from Okawaru
 22148 | Shoals:1 | Reached skill level 17 in Ranged Weapons
 22206 | Shoals:1 | Noticed a kraken
 22207 | Shoals:1 | 22207 ||| INVOKING Finesse.
 22219 | Shoals:1 | Killed a kraken
 22278 | Shoals:1 | Noticed Louise
 22287 | Shoals:1 | Killed Louise
 22458 | Shoals:1 | 22458 ||| RETREEEEATING.
 22459 | Shoals:1 | 22459 ||| RETREEEEATING.
 22463 | Shoals:1 | Reached XP level 18. HP: 135/135 MP: 0/0
 22551 | Shoals:1 | Received a gift from Okawaru
 22737 | Shoals:1 | 22737 ||| DROPPING ring of positive energy.
 22738 | Shoals:1 | 22738 ||| DROPPING wand of mindburst (28).
 23012 | Shoals:2 | Found the +27 heavy crossbow "Sniper" {heavy, Acc+∞ SInv}
 23016 | Shoals:2 | 23016 ||| RETREEEEATING.
 23046 | Shoals:2 | 23046 ||| SWAPPING to +27 heavy crossbow "Sniper" {heavy,
                  | Acc+∞ SInv}.
 23047 | Shoals:2 | 23047 ||| REMOVING ring of see invisible.
 23048 | Shoals:2 | 23048 ||| DROPPING +2 hand cannon of freezing.
 23195 | Shoals:2 | Noticed Polyphemus
 23196 | Shoals:2 | 23196 ||| INVOKING Finesse.
 23200 | Shoals:2 | 23200 ||| Stepping ~*~*~tactically~*~*~ (cloud).
 23202 | Shoals:2 | Killed Polyphemus
 23202 | Shoals:2 | Received a gift from Okawaru
 23205 | Shoals:2 | Reached skill level 18 in Ranged Weapons
 23534 | Shoals:2 | 23534 ||| UPGRADING to ring of protection from fire.
 23535 | Shoals:2 | 23535 ||| UPGRADING to +4 ring of protection.
 23537 | Shoals:2 | 23537 ||| DROPPING +6 ring of strength.
 23538 | Shoals:2 | 23538 ||| DROPPING ring of see invisible.
 23731 | Shoals:3 | Received a gift from Okawaru
 24282 | Shoals:3 | 24282 ||| PLANNING SNAKE:4
 24476 | Snake:4  | Entered Level 4 of the Snake Pit
 24477 | Snake:4  | 24477 ||| RETREEEEATING.
 24479 | Snake:4  | 24479 ||| INVOKING Finesse.
 24486 | Snake:4  | HP: 22/135 [salamander/+4 halberd (18)]
 24487 | Snake:4  | 24487 ||| READING 4 scrolls of teleportation.
 24488 | Snake:4  | 24488 ||| DRINKING 7 potions of heal wounds.
 24561 | Snake:4  | Received a gift from Okawaru
 24754 | Snake:4  | 24754 ||| RETREEEEATING.
 24776 | Snake:4  | Noticed Mara
 24777 | Snake:4  | 24777 ||| INVOKING Finesse.
 24779 | Snake:4  | Killed Mara
 24780 | Snake:4  | Reached skill level 19 in Ranged Weapons
 24880 | Snake:4  | 24880 ||| INVOKING Finesse.
 24913 | Snake:4  | Reached XP level 19. HP: 141/141 MP: 0/0
 24913 | Snake:4  | Learned a level 6 spell: Starburst
 24954 | Snake:4  | Received a gift from Okawaru
 24976 | Snake:4  | Reached skill level 15 in Fighting
 25028 | Snake:4  | 25028 ||| RETREEEEATING.
 25029 | Snake:4  | 25029 ||| RETREEEEATING.
 25030 | Snake:4  | 25030 ||| INVOKING Finesse.
 25031 | Snake:4  | 25031 ||| INVOKING Heroism.
 25103 | Snake:4  | Identified the +6 quarterstaff "Anupt" {antimagic, Will+
                  | SInv}
 25106 | Snake:4  | Got a serpentine rune of Zot
 25290 | Snake:4  | Received a gift from Okawaru
 25559 | Snake:4  | 25559 ||| PLANNING VAULTS:1-4
 25899 | Vaults:1 | Entered Level 1 of the Vaults
 25954 | Vaults:1 | 25954 ||| INVOKING Finesse.
 26079 | Vaults:1 | Identified the +9 short sword of Ypsaniri {protect, *Slow
                  | rPois Int+3 Dex+5}
 26117 | Vaults:1 | 26117 ||| RETREEEEATING.
 26118 | Vaults:1 | 26118 ||| RETREEEEATING.
 26119 | Vaults:1 | 26119 ||| RETREEEEATING.
 26120 | Vaults:1 | 26120 ||| RETREEEEATING.
 26121 | Vaults:1 | 26121 ||| RETREEEEATING.
 26122 | Vaults:1 | 26122 ||| RETREEEEATING.
 26171 | Vaults:1 | 26171 ||| READING scroll of acquirement.
 26171 | Vaults:1 | 26171 ||| ACQUIRING 637 gold pieces
 26171 | Vaults:1 | Acquired 637 gold pieces
 26187 | Vaults:1 | 26187 ||| RETREEEEATING.
 26188 | Vaults:1 | 26188 ||| RETREEEEATING.
 26190 | Vaults:1 | 26190 ||| RETREEEEATING.
 26194 | Vaults:1 | Received a gift from Okawaru
 26312 | Vaults:1 | 26312 ||| RETREEEEATING.
 26459 | Vaults:1 | 26459 ||| RETREEEEATING.
 26461 | Vaults:1 | 26461 ||| RETREEEEATING.
 26471 | Vaults:1 | Reached skill level 20 in Ranged Weapons
 26479 | Vaults:1 | 26479 ||| FLEEEEING.
 26505 | Vaults:1 | Received a gift from Okawaru
 26514 | Vaults:1 | 26514 ||| RETREEEEATING.
 26515 | Vaults:1 | 26515 ||| RETREEEEATING.
 26516 | Vaults:1 | 26516 ||| RETREEEEATING.
 26517 | Vaults:1 | 26517 ||| RETREEEEATING.
 26519 | Vaults:1 | 26519 ||| INVOKING Finesse.
 26530 | Vaults:1 | 26530 ||| DRINKING 3 potions of cancellation.
 26533 | Vaults:1 | Reached XP level 20. HP: 104/150 MP: 0/0
 26544 | Vaults:1 | 26544 ||| FLEEEEING.
 26545 | Vaults:1 | 26545 ||| FLEEEEING.
 26546 | Vaults:1 | 26546 ||| FLEEEEING.
 26572 | Vaults:1 | 26572 ||| FLEEEEING.
 26574 | Vaults:1 | 26574 ||| FLEEEEING.
 26575 | Vaults:1 | 26575 ||| FLEEEEING.
 26576 | Vaults:1 | 26576 ||| FLEEEEING.
 26691 | Vaults:1 | 26691 ||| FLEEEEING.
 26794 | Vaults:1 | Received a gift from Okawaru
 26978 | Vaults:1 | 26978 ||| RETREEEEATING.
 26979 | Vaults:1 | 26979 ||| RETREEEEATING.
 27187 | Vaults:1 | 27187 ||| RETREEEEATING.
 27286 | Vaults:1 | Found Keoch's Antique Armour Shoppe.
 27290 | Vaults:1 | 27290 ||| BUYING +1 cloak of Starlight {*Dazzle EV+4
                  | Stlth--} (1067 gold).
 27290 | Vaults:1 | Bought the +1 cloak of Starlight {*Dazzle EV+4 Stlth--} for
                  | 1067 gold pieces
 27290 | Vaults:1 | Found the +1 cloak of Starlight {*Dazzle EV+4 Stlth--}
 27421 | Vaults:2 | Received a gift from Okawaru
 27638 | Vaults:2 | 27638 ||| RETREEEEATING.
 27916 | Vaults:2 | Received a gift from Okawaru
 27920 | Vaults:2 | 27920 ||| ZAPPING wand of light (7) at -4,4 (deep elf
                  | sorcerer; floor).
 27931 | Vaults:2 | 27931 ||| FLEEEEING.
 27932 | Vaults:2 | 27932 ||| FLEEEEING.
 27933 | Vaults:2 | 27933 ||| FLEEEEING.
 27934 | Vaults:2 | 27934 ||| FLEEEEING.
 27935 | Vaults:2 | 27935 ||| FLEEEEING.
 27936 | Vaults:2 | 27936 ||| INVOKING Finesse.
 27953 | Vaults:2 | 27953 ||| FLEEEEING.
 27958 | Vaults:2 | 27958 ||| FLEEEEING.
 27968 | Vaults:2 | 27968 ||| FLEEEEING.
 28318 | Vaults:2 | Received a gift from Okawaru
 28376 | Vaults:2 | 28376 ||| DROPPING +2 cloak of preservation.
 28473 | Vaults:3 | Noticed a tentacled monstrosity
 28473 | Vaults:3 | 28473 ||| RETREEEEATING.
 28474 | Vaults:3 | 28474 ||| RETREEEEATING.
 28479 | Vaults:3 | Reached skill level 21 in Ranged Weapons
 28501 | Vaults:3 | 28501 ||| INVOKING Finesse.
 28505 | Vaults:3 | Killed a tentacled monstrosity
 28508 | Vaults:3 | Received a gift from Okawaru
 28509 | Vaults:3 | Reached XP level 21. HP: 157/157 MP: 0/0
 28509 | Vaults:3 | Learned a level 8 spell: Discord
 28623 | Vaults:3 | Identified the +7 arbalest "Jusap" {heavy, Str+7}
 28837 | Vaults:3 | 28837 ||| RETREEEEATING.
 28838 | Vaults:3 | 28838 ||| RETREEEEATING.
 28840 | Vaults:3 | 28840 ||| RETREEEEATING.
 28856 | Vaults:3 | Reached skill level 18 in Dodging
 29051 | Vaults:3 | 29051 ||| RETREEEEATING.
 29052 | Vaults:3 | 29052 ||| RETREEEEATING.
 29053 | Vaults:3 | 29053 ||| RETREEEEATING.
 29054 | Vaults:3 | 29054 ||| RETREEEEATING.
 29055 | Vaults:3 | 29055 ||| RETREEEEATING.
 29056 | Vaults:3 | 29056 ||| RETREEEEATING.
 29057 | Vaults:3 | 29057 ||| RETREEEEATING.
 29058 | Vaults:3 | 29058 ||| RETREEEEATING.
 29059 | Vaults:3 | 29059 ||| RETREEEEATING.
 29060 | Vaults:3 | 29060 ||| RETREEEEATING.
 29061 | Vaults:3 | 29061 ||| RETREEEEATING.
 29062 | Vaults:3 | 29062 ||| RETREEEEATING.
 29063 | Vaults:3 | 29063 ||| INVOKING Finesse.
 29076 | Vaults:3 | Received a gift from Okawaru
 29213 | Vaults:3 | Reached skill level 12 in Armour
 29269 | Vaults:3 | Found a staircase to the Crypt.
 29301 | Vaults:3 | 29301 ||| RETREEEEATING.
 29424 | Vaults:3 | Identified the +11 dagger of the Swamp {spect, Str+3}
 29461 | Vaults:4 | 29461 ||| ZAPPING wand of light (6) at -5,0 (arcanist;
                  | floor).
 29463 | Vaults:4 | 29463 ||| INVOKING Finesse.
 29482 | Vaults:4 | 29482 ||| RETREEEEATING.
 29484 | Vaults:4 | 29484 ||| RETREEEEATING.
 29485 | Vaults:4 | Received a gift from Okawaru
 29944 | Vaults:4 | 29944 ||| FLEEEEING.
 29945 | Vaults:4 | 29945 ||| FLEEEEING.
 29946 | Vaults:4 | 29946 ||| FLEEEEING.
 29947 | Vaults:4 | 29947 ||| FLEEEEING.
 29951 | Vaults:4 | 29951 ||| FLEEEEING.
 29952 | Vaults:4 | 29952 ||| FLEEEEING.
 29962 | Vaults:4 | 29962 ||| FLEEEEING.
 29974 | Vaults:4 | 29974 ||| RETREEEEATING.
 29975 | Vaults:4 | 29975 ||| RETREEEEATING.
 29976 | Vaults:4 | 29976 ||| RETREEEEATING.
 29978 | Vaults:4 | 29978 ||| RETREEEEATING.
 29985 | Vaults:4 | Received a gift from Okawaru
 30087 | Vaults:4 | 30087 ||| INVOKING Finesse.
 30268 | Vaults:4 | 30268 ||| RETREEEEATING.
 30270 | Vaults:4 | 30270 ||| RETREEEEATING.
 30272 | Vaults:4 | 30272 ||| RETREEEEATING.
 30331 | Vaults:4 | 30331 ||| RETREEEEATING.
 30343 | Vaults:4 | Noticed Mennas
 30344 | Vaults:4 | 30344 ||| RETREEEEATING.
 30345 | Vaults:4 | 30345 ||| RETREEEEATING.
 30346 | Vaults:4 | 30346 ||| ZAPPING wand of light (5) at 0,3 (Mennas; floor).
 30347 | Vaults:4 | 30347 ||| ZAPPING wand of light (4) at 0,2 (Mennas; floor).
 30348 | Vaults:4 | 30348 ||| INVOKING Finesse.
 30350 | Vaults:4 | Killed Mennas
 30351 | Vaults:4 | Reached XP level 22. HP: 143/166 MP: 0/0
 30415 | Vaults:4 | Received a gift from Okawaru
 30438 | Vaults:4 | Identified the +0 robe "Domuhaq" {Int+4}
 30628 | Vaults:4 | 30628 ||| INVOKING Finesse.
 30662 | Vaults:4 | 30662 ||| READING 9 scrolls of identify.
 30662 | Vaults:4 | 30662 ||| IDENTIFYING cyan potion
 30663 | Vaults:4 | 30663 ||| DROPPING potion of attraction.
 30719 | Vaults:5 | Entered Level 5 of the Vaults
 30720 | Vaults:5 | 30720 ||| STAIRDANCE
 30740 | Vaults:5 | 30740 ||| STAIRDANCE
 30742 | Vaults:4 | 30742 ||| INVOKING Finesse.
 30744 | Vaults:4 | 30744 ||| RETREEEEATING.
 30745 | Vaults:4 | 30745 ||| RETREEEEATING.
 30746 | Vaults:4 | 30746 ||| RETREEEEATING.
 30747 | Vaults:4 | 30747 ||| RETREEEEATING.
 30748 | Vaults:4 | 30748 ||| RETREEEEATING.
 30749 | Vaults:4 | 30749 ||| RETREEEEATING.
 30846 | Vaults:5 | 30846 ||| STAIRDANCE
 30848 | Vaults:4 | 30848 ||| INVOKING Finesse.
 30851 | Vaults:4 | 30851 ||| RETREEEEATING.
 30852 | Vaults:4 | 30852 ||| RETREEEEATING.
 30853 | Vaults:4 | 30853 ||| RETREEEEATING.
 30854 | Vaults:4 | 30854 ||| RETREEEEATING.
 30855 | Vaults:4 | 30855 ||| RETREEEEATING.
 30856 | Vaults:4 | 30856 ||| RETREEEEATING.
 30910 | Vaults:5 | 30910 ||| STAIRDANCE
 30962 | Vaults:5 | 30962 ||| STAIRDANCE
 30968 | Vaults:5 | 30968 ||| STAIRDANCE
 30970 | Vaults:4 | 30970 ||| INVOKING Finesse.
 30972 | Vaults:4 | Reached skill level 22 in Ranged Weapons
 30986 | Vaults:5 | Received a gift from Okawaru
 31086 | Vaults:4 | 31086 ||| PLANNING SHOALS:4
 31086 | Vaults:4 | 31086 ||| UPGRADING to +1 cloak of Starlight {*Dazzle EV+4
                  | Stlth--}.
 31096 | Vaults:4 | 31096 ||| DROPPING +2 cloak of willpower.
 31489 | Shoals:4 | Entered Level 4 of the Shoals
 31493 | Shoals:4 | 31493 ||| STAIRDANCE
 31507 | Shoals:4 | 31507 ||| STAIRDANCE
 31512 | Shoals:4 | 31512 ||| STAIRDANCE
 31525 | Shoals:4 | 31525 ||| STAIRDANCE
 31540 | Shoals:4 | 31540 ||| STAIRDANCE
 31614 | Shoals:4 | 31614 ||| RETREEEEATING.
 31624 | Shoals:4 | Reached skill level 18 in Fighting
 31656 | Shoals:4 | Found a white marble altar of Elyvilon.
 31658 | Shoals:4 | Received a gift from Okawaru
 31663 | Shoals:4 | 31663 ||| ZAPPING wand of light (5) at -1,-3 (cherub;
                  | floor).
 31664 | Shoals:4 | 31664 ||| RETREEEEATING.
 31665 | Shoals:4 | 31665 ||| RETREEEEATING.
 31666 | Shoals:4 | 31666 ||| INVOKING Finesse.
 31885 | Shoals:4 | 31885 ||| READING scroll of acquirement.
 31885 | Shoals:4 | 31885 ||| ACQUIRING +0 pair of gloves of the Sun {rF+ rCorr
                  | Slay+2}
 31885 | Shoals:4 | Acquired the +0 pair of gloves of the Sun {rF+ rCorr
                  | Slay+2}
 31887 | Shoals:4 | 31887 ||| UPGRADING to +0 pair of gloves of the Sun {rF+
                  | rCorr Slay+2}.
 31897 | Shoals:4 | 31897 ||| DROPPING +2 pair of gloves.
 31940 | Shoals:4 | Found a glowing silver altar of Zin.
 31944 | Shoals:4 | 31944 ||| RETREEEEATING.
 31945 | Shoals:4 | 31945 ||| INVOKING Finesse.
 31946 | Shoals:4 | 31946 ||| INVOKING Finesse.
 31951 | Shoals:4 | Received a gift from Okawaru
 31955 | Shoals:4 | Reached XP level 23. HP: 174/175 MP: 0/0
 31955 | Shoals:4 | Learned a level 8 spell: Summon Horrible Things
 31975 | Shoals:4 | Got a barnacled rune of Zot
 32146 | Shoals:4 | 32146 ||| PLANNING DEPTHS
 32458 | Depths:1 | Entered Level 1 of the Depths
 32466 | Depths:1 | 32466 ||| INVOKING Finesse.
 32467 | Depths:1 | 32467 ||| STAIRDANCE
 32474 | Depths:1 | 32474 ||| STAIRDANCE
 32590 | Depths:1 | 32590 ||| INVOKING Finesse.
 32598 | Depths:1 | 32598 ||| INVOKING Heroism.
 32642 | Depths:1 | 32642 ||| INVOKING Finesse.
 32653 | Depths:1 | Reached skill level 23 in Ranged Weapons
 32758 | Depths:1 | Found a one-way gate leading to the halls of Pandemonium.
 32799 | Depths:1 | Found a gateway to Hell.
 32806 | Depths:1 | Found a one-way gateway to a ziggurat.
 33131 | Depths:2 | 33131 ||| RETREEEEATING.
 33132 | Depths:2 | 33132 ||| RETREEEEATING.
 33133 | Depths:2 | 33133 ||| RETREEEEATING.
 33134 | Depths:2 | 33134 ||| RETREEEEATING.
 33135 | Depths:2 | 33135 ||| RETREEEEATING.
 33136 | Depths:2 | 33136 ||| RETREEEEATING.
 33150 | Depths:2 | Received a gift from Okawaru
 33156 | Depths:2 | HP: 32/175 [stone giant simulacrum[a necromancer] (23)]
 33157 | Depths:2 | 33157 ||| READING 6 scrolls of teleportation.
 33157 | Depths:2 | HP: 13/175 [golden dragon zombie[a necromancer] (20)]
 33158 | Depths:2 | 33158 ||| DRINKING 8 potions of heal wounds.
 33159 | Depths:2 | 33159 ||| DRINKING 7 potions of heal wounds.
 33413 | Depths:2 | Noticed the Enchantress
 33414 | Depths:2 | 33414 ||| INVOKING Finesse.
 33420 | Depths:2 | Killed the Enchantress
 33423 | Depths:2 | Received a gift from Okawaru
 33527 | Depths:2 | 33527 ||| FLEEEEING.
 33528 | Depths:2 | 33528 ||| FLEEEEING.
 33529 | Depths:2 | 33529 ||| FLEEEEING.
 33530 | Depths:2 | 33530 ||| FLEEEEING.
 33531 | Depths:2 | 33531 ||| FLEEEEING.
 33532 | Depths:2 | 33532 ||| FLEEEEING.
 33533 | Depths:2 | 33533 ||| FLEEEEING.
 33534 | Depths:2 | 33534 ||| FLEEEEING.
 33535 | Depths:2 | 33535 ||| FLEEEEING.
 33536 | Depths:2 | 33536 ||| FLEEEEING.
 33537 | Depths:2 | 33537 ||| FLEEEEING.
 33538 | Depths:2 | 33538 ||| FLEEEEING.
 33539 | Depths:2 | 33539 ||| FLEEEEING.
 33540 | Depths:2 | 33540 ||| FLEEEEING.
 33541 | Depths:2 | 33541 ||| FLEEEEING.
 33542 | Depths:2 | 33542 ||| FLEEEEING.
 33543 | Depths:2 | 33543 ||| FLEEEEING.
 33551 | Depths:2 | Noticed a juggernaut
 33552 | Depths:2 | 33552 ||| RETREEEEATING.
 33553 | Depths:2 | 33553 ||| RETREEEEATING.
 33556 | Depths:2 | 33556 ||| INVOKING Finesse.
 33559 | Depths:2 | Killed a juggernaut
 33573 | Depths:2 | 33573 ||| RETREEEEATING.
 33619 | Depths:2 | Identified the ring "Duwoj" {Ice rPois Int+4}
 33619 | Depths:2 | Noticed Josephina
 33620 | Depths:2 | 33620 ||| INVOKING Finesse.
 33622 | Depths:2 | Killed Josephina
 33624 | Depths:2 | Received a gift from Okawaru
 33628 | Depths:2 | Noticed a golden dragon
 33630 | Depths:2 | Killed a golden dragon
 33738 | Depths:2 | 33738 ||| INVOKING Finesse.
 33744 | Depths:2 | Identified the +8 flail "Gutuuda" {venom, Int+6}
 33746 | Depths:2 | Reached XP level 24. HP: 174/181 MP: 0/0
 34129 | Depths:2 | Noticed a juggernaut
 34130 | Depths:2 | 34130 ||| INVOKING Finesse.
 34134 | Depths:2 | Killed a juggernaut
 34241 | Depths:3 | 34241 ||| DRINKING 18 potions of curing.
 34241 | Depths:3 | 34241 ||| (to cure confusion)
 34281 | Depths:3 | 34281 ||| RETREEEEATING.
 34286 | Depths:3 | 34286 ||| RETREEEEATING.
 34292 | Depths:3 | Received a gift from Okawaru
 34424 | Depths:3 | Reached skill level 24 in Ranged Weapons
 34452 | Depths:3 | Found a glowing golden altar of the Shining One.
 34483 | Depths:3 | Noticed a golden dragon
 34484 | Depths:3 | 34484 ||| INVOKING Finesse.
 34486 | Depths:3 | Killed a golden dragon
 34515 | Depths:3 | Noticed a golden dragon
 34516 | Depths:3 | 34516 ||| INVOKING Finesse.
 34519 | Depths:3 | Killed a golden dragon
 34552 | Depths:3 | Received a gift from Okawaru
 34647 | Depths:3 | Found a one-way gate to the infinite horrors of the Abyss.
 34653 | Depths:3 | Noticed a juggernaut
 34654 | Depths:3 | 34654 ||| INVOKING Finesse.
 34658 | Depths:3 | Killed a juggernaut
 34800 | Depths:3 | Found a snail-covered altar of Cheibriados.
 34800 | Depths:3 | Noticed a golden dragon
 34801 | Depths:3 | 34801 ||| INVOKING Finesse.
 34804 | Depths:3 | Killed a golden dragon
 34833 | Depths:3 | 34833 ||| FLEEEEING.
 34840 | Depths:3 | HP: 42/184 [hell knight/+5 halberd of flaming (25)]
 34841 | Depths:3 | 34841 ||| READING 5 scrolls of teleportation.
 34842 | Depths:3 | 34842 ||| DRINKING 7 potions of heal wounds.
 34846 | Depths:3 | Received a gift from Okawaru
 34959 | Depths:3 | Found a snail-covered altar of Cheibriados.
 34960 | Depths:3 | Found a stormy altar of Qazlal.
 35017 | Depths:3 | 35017 ||| INVOKING Finesse.
 35417 | Depths:4 | Entered Level 4 of the Depths
 35420 | Depths:4 | 35420 ||| STAIRDANCE
 35425 | Depths:4 | 35425 ||| STAIRDANCE
 35426 | Depths:4 | 35426 ||| RETREEEEATING.
 35427 | Depths:4 | 35427 ||| RETREEEEATING.
 35428 | Depths:4 | 35428 ||| RETREEEEATING.
 35429 | Depths:4 | 35429 ||| INVOKING Finesse.
 35431 | Depths:4 | Reached skill level 21 in Dodging
 35438 | Depths:4 | 35438 ||| INVOKING Heroism.
 35441 | Depths:4 | 35441 ||| ZAPPING wand of light (10) at -5,-2 (death yak;
                  | floor).
 35442 | Depths:4 | 35442 ||| ZAPPING wand of light (9) at -4,-1 (death yak;
                  | floor).
 35454 | Depths:4 | Identified the orb of Objectivity {light, ^Drain +Blink
                  | Dex+2 SInv}
 35454 | Depths:4 | Noticed Frederick
 35458 | Depths:4 | Killed Frederick
 35466 | Depths:4 | Reached XP level 25. HP: 76/190 MP: 0/0
 35466 | Depths:4 | Learned a level 9 spell: Death's Door
 35475 | Depths:4 | Received a gift from Okawaru
 35573 | Depths:4 | Found an ornate altar of the Wu Jian Council.
 35637 | Depths:4 | 35637 ||| RETREEEEATING.
 35639 | Depths:4 | 35639 ||| RETREEEEATING.
 35641 | Depths:4 | 35641 ||| RETREEEEATING.
 35643 | Depths:4 | 35643 ||| RETREEEEATING.
 35644 | Depths:4 | 35644 ||| RETREEEEATING.
 35648 | Depths:4 | 35648 ||| RETREEEEATING.
 35650 | Depths:4 | 35650 ||| RETREEEEATING.
 35651 | Depths:4 | 35651 ||| RETREEEEATING.
 35652 | Depths:4 | 35652 ||| RETREEEEATING.
 35654 | Depths:4 | 35654 ||| RETREEEEATING.
 35655 | Depths:4 | 35655 ||| INVOKING Finesse.
 35716 | Depths:4 | 35716 ||| RETREEEEATING.
 35717 | Depths:4 | 35717 ||| RETREEEEATING.
 35718 | Depths:4 | 35718 ||| RETREEEEATING.
 35719 | Depths:4 | 35719 ||| RETREEEEATING.
 35720 | Depths:4 | 35720 ||| RETREEEEATING.
 35721 | Depths:4 | 35721 ||| RETREEEEATING.
 35722 | Depths:4 | 35722 ||| RETREEEEATING.
 35724 | Depths:4 | 35724 ||| RETREEEEATING.
 35731 | Depths:4 | 35731 ||| FLEEEEING.
 35732 | Depths:4 | 35732 ||| FLEEEEING.
 35733 | Depths:4 | 35733 ||| FLEEEEING.
 35734 | Depths:4 | HP: 44/190 [living spell/divine providence[a walking divine
                  | tome] (10)]
 35735 | Depths:4 | 35735 ||| READING 5 scrolls of teleportation.
 35735 | Depths:4 | HP: 17/190 [living spell/divine providence[a walking divine
                  | tome] (12)]
 35736 | Depths:4 | 35736 ||| DRINKING 6 potions of heal wounds.
 35737 | Depths:4 | 35737 ||| DRINKING 5 potions of heal wounds.
 35738 | Depths:4 | 35738 ||| DRINKING 4 potions of heal wounds.
 35740 | Depths:4 | 35740 ||| INVOKING Finesse.
 35749 | Depths:4 | HP: 44/190 [black draconian/+2 halberd of protection (18)]
 35750 | Depths:4 | 35750 ||| READING 4 scrolls of teleportation.
 35751 | Depths:4 | 35751 ||| DRINKING 3 potions of heal wounds.
 36072 | Depths:4 | Received a gift from Okawaru
 36073 | Depths:4 | 36073 ||| FLEEEEING.
 36110 | Depths:4 | Found a gate to the Realm of Zot.
 36120 | Depths:4 | 36120 ||| PLANNING VAULTS:5
 36121 | Depths:4 | 36121 ||| INVOKING Finesse.
 36472 | Vaults:5 | Noticed an ancient lich
 36473 | Vaults:5 | 36473 ||| INVOKING Finesse.
 36475 | Vaults:5 | Killed an ancient lich
 36571 | Vaults:5 | 36571 ||| FLEEEEING.
 36572 | Vaults:5 | 36572 ||| FLEEEEING.
 36573 | Vaults:5 | 36573 ||| FLEEEEING.
 36671 | Vaults:5 | Noticed Margery
 36674 | Vaults:5 | 36674 ||| RETREEEEATING.
 36675 | Vaults:5 | 36675 ||| RETREEEEATING.
 36676 | Vaults:5 | 36676 ||| RETREEEEATING.
 36677 | Vaults:5 | 36677 ||| RETREEEEATING.
 36678 | Vaults:5 | 36678 ||| RETREEEEATING.
 36679 | Vaults:5 | 36679 ||| RETREEEEATING.
 36680 | Vaults:5 | 36680 ||| RETREEEEATING.
 36681 | Vaults:5 | 36681 ||| RETREEEEATING.
 36682 | Vaults:5 | 36682 ||| RETREEEEATING.
 36683 | Vaults:5 | 36683 ||| RETREEEEATING.
 36684 | Vaults:5 | 36684 ||| RETREEEEATING.
 36685 | Vaults:5 | 36685 ||| RETREEEEATING.
 36686 | Vaults:5 | 36686 ||| RETREEEEATING.
 36687 | Vaults:5 | 36687 ||| RETREEEEATING.
 36688 | Vaults:5 | 36688 ||| RETREEEEATING.
 36689 | Vaults:5 | 36689 ||| RETREEEEATING.
 36690 | Vaults:5 | 36690 ||| RETREEEEATING.
 36691 | Vaults:5 | 36691 ||| RETREEEEATING.
 36692 | Vaults:5 | 36692 ||| RETREEEEATING.
 36693 | Vaults:5 | 36693 ||| STAIRDANCE
 36727 | Vaults:5 | 36727 ||| STAIRDANCE
 36730 | Vaults:4 | Received a gift from Okawaru
 36731 | Vaults:4 | Reached skill level 25 in Ranged Weapons
 36735 | Vaults:5 | 36735 ||| STAIRDANCE
 36851 | Vaults:5 | 36851 ||| STAIRDANCE
 36873 | Vaults:5 | 36873 ||| RETREEEEATING.
 36874 | Vaults:5 | 36874 ||| RETREEEEATING.
 36875 | Vaults:5 | 36875 ||| RETREEEEATING.
 36877 | Vaults:5 | 36877 ||| INVOKING Finesse.
 36882 | Vaults:5 | Killed Margery
 37035 | Vaults:5 | Noticed an ancient lich
 37036 | Vaults:5 | 37036 ||| INVOKING Finesse.
 37037 | Vaults:5 | Killed an ancient lich
 37091 | Vaults:5 | Received a gift from Okawaru
 37095 | Vaults:5 | Noticed an ancient lich
 37095 | Vaults:5 | Identified the +2 glaive of Ahuosol {elec, rCorr Dex+3}
 37097 | Vaults:5 | 37097 ||| ZAPPING wand of light (8) at -4,-5 (ancient lich;
                  | floor).
 37098 | Vaults:5 | 37098 ||| ZAPPING wand of light (7) at -3,-3 (ancient lich;
                  | floor).
 37099 | Vaults:5 | 37099 ||| ZAPPING wand of light (6) at -2,-2 (ancient lich;
                  | floor).
 37100 | Vaults:5 | 37100 ||| ZAPPING wand of light (5) at -2,-1 (ancient lich;
                  | floor).
 37101 | Vaults:5 | 37101 ||| RETREEEEATING.
 37102 | Vaults:5 | 37102 ||| INVOKING Finesse.
 37104 | Vaults:5 | 37104 ||| DRINKING 4 potions of cancellation.
 37105 | Vaults:5 | Killed an ancient lich
 37114 | Vaults:5 | Reached XP level 26. HP: 190/200 MP: 0/0
 37281 | Vaults:5 | Identified the +1 robe of Boredom {rPois}
 37329 | Vaults:5 | 37329 ||| FLEEEEING.
 37330 | Vaults:5 | 37330 ||| FLEEEEING.
 37821 | Vaults:5 | Got a silver rune of Zot
 37869 | Vaults:5 | 37869 ||| PLANNING SHOPPING SPREE
 37869 | Vaults:5 | 37869 ||| DROPPING ring of ice.
 37870 | Vaults:5 | 37870 ||| PLANNING ZOT:1-4
 38194 | Zot:1    | Entered Level 1 of the Realm of Zot
 38312 | Zot:1    | 38312 ||| INVOKING Finesse.
 38313 | Zot:1    | 38313 ||| INVOKING Heroism.
 38402 | Zot:1    | 38402 ||| FLEEEEING.
 38403 | Zot:1    | 38403 ||| FLEEEEING.
 38404 | Zot:1    | 38404 ||| FLEEEEING.
 38405 | Zot:1    | 38405 ||| FLEEEEING.
 38406 | Zot:1    | 38406 ||| FLEEEEING.
 38407 | Zot:1    | 38407 ||| FLEEEEING.
 38408 | Zot:1    | 38408 ||| FLEEEEING.
 38409 | Zot:1    | 38409 ||| FLEEEEING.
 38410 | Zot:1    | 38410 ||| FLEEEEING.
 38411 | Zot:1    | 38411 ||| FLEEEEING.
 38412 | Zot:1    | 38412 ||| FLEEEEING.
 38413 | Zot:1    | 38413 ||| FLEEEEING.
 38414 | Zot:1    | 38414 ||| FLEEEEING.
 38415 | Zot:1    | 38415 ||| FLEEEEING.
 38416 | Zot:1    | 38416 ||| FLEEEEING.
 38417 | Zot:1    | 38417 ||| FLEEEEING.
 38422 | Zot:1    | Received a gift from Okawaru
 38441 | Zot:1    | Identified the ring of Okawaru's Regard {Ice Dex+2}
 38455 | Zot:1    | You are sucked into a shaft and drop 1 floor!
 38466 | Zot:2    | 38466 ||| INVOKING Finesse.
 38470 | Zot:2    | Noticed a curse toe
 38474 | Zot:2    | Killed a curse toe
 38802 | Zot:2    | 38802 ||| STAIRDANCE
 38827 | Zot:2    | 38827 ||| STAIRDANCE
 38850 | Zot:2    | 38850 ||| STAIRDANCE
 38887 | Zot:2    | Noticed a Killer Klown
 38887 | Zot:2    | 38887 ||| STAIRDANCE
 38931 | Zot:2    | 38931 ||| STAIRDANCE
 38939 | Zot:2    | 38939 ||| STAIRDANCE
 38941 | Zot:1    | 38941 ||| INVOKING Finesse.
 38947 | Zot:1    | Killed a Killer Klown
 38982 | Zot:2    | 38982 ||| STAIRDANCE
 39018 | Zot:2    | 39018 ||| STAIRDANCE
 39087 | Zot:2    | 39087 ||| RETREEEEATING.
 39088 | Zot:2    | 39088 ||| RETREEEEATING.
 39089 | Zot:2    | 39089 ||| RETREEEEATING.
 39090 | Zot:2    | 39090 ||| RETREEEEATING.
 39091 | Zot:2    | 39091 ||| RETREEEEATING.
 39092 | Zot:2    | 39092 ||| RETREEEEATING.
 39093 | Zot:2    | 39093 ||| RETREEEEATING.
 39094 | Zot:2    | 39094 ||| RETREEEEATING.
 39095 | Zot:2    | 39095 ||| RETREEEEATING.
 39146 | Zot:2    | 39146 ||| RETREEEEATING.
 39147 | Zot:2    | 39147 ||| RETREEEEATING.
 39148 | Zot:2    | 39148 ||| RETREEEEATING.
 39149 | Zot:2    | 39149 ||| RETREEEEATING.
 39248 | Zot:2    | Noticed a curse toe
 39249 | Zot:2    | 39249 ||| INVOKING Finesse.
 39260 | Zot:2    | Killed a curse toe
 39260 | Zot:2    | Received a gift from Okawaru
 39327 | Zot:2    | Noticed an orb of fire
 39327 | Zot:2    | Noticed an orb of fire
 39327 | Zot:2    | Gained mutation: You are clumsy. (Dex -2) [an orb of fire]
 39328 | Zot:2    | Noticed an orb of fire
 39331 | Zot:2    | Killed an orb of fire
 39332 | Zot:2    | Gained mutation: You are weak. (Str -2) [an orb of fire]
 39332 | Zot:2    | Gained mutation: Armour fits poorly on your strangely
                  | shaped body. [an orb of fire]
 39333 | Zot:2    | Gained mutation: You are very weak. (Str -4) [an orb of
                  | fire]
 39333 | Zot:2    | Gained mutation: Your flesh is almost immune to the effects
                  | of heat. (rF+++) [an orb of fire]
 39333 | Zot:2    | Gained mutation: You sometimes lose your temper in combat.
                  | [an orb of fire]
 39334 | Zot:2    | Gained mutation: You are frail. (-10% HP) [an orb of fire]
 39335 | Zot:2    | Killed an orb of fire
 39335 | Zot:2    | Gained mutation: Your spells are a little easier to cast,
                  | but a little less powerful. [an orb of fire]
 39338 | Zot:2    | Killed an orb of fire
 39374 | Zot:2    | 39374 ||| DRINKING 8 potions of mutation.
 39374 | Zot:2    | Lost mutation: You sometimes lose your temper in combat.
                  | [potion of mutation]
 39374 | Zot:2    | Lost mutation: Armour fits poorly on your strangely shaped
                  | body. [potion of mutation]
 39374 | Zot:2    | Lost mutation: Your spells are a little easier to cast, but
                  | a little less powerful. [potion of mutation]
 39374 | Zot:2    | Gained mutation: You passively dampen the noise of your
                  | surroundings. [potion of mutation]
 39374 | Zot:2    | Lost mutation: You are very weak. (Str -4) [potion of
                  | mutation]
 39374 | Zot:2    | Lost mutation: You are frail. (-10% HP) [potion of
                  | mutation]
 39374 | Zot:2    | Gained mutation: You are somewhat resistant to further
                  | mutation. [potion of mutation]
 39577 | Zot:2    | 39577 ||| INVOKING Finesse.
 39580 | Zot:2    | Received a gift from Okawaru
 39581 | Zot:2    | Reached skill level 26 in Ranged Weapons
 39597 | Zot:2    | Noticed a curse toe
 39601 | Zot:2    | Killed a curse toe
 39731 | Zot:2    | 39731 ||| INVOKING Finesse.
 39740 | Zot:2    | Noticed a Killer Klown
 39743 | Zot:2    | Killed a Killer Klown
 39744 | Zot:2    | Reached skill level 15 in Armour
 39884 | Zot:2    | Noticed a curse toe
 39885 | Zot:2    | 39885 ||| FLEEEEING.
 39886 | Zot:2    | 39886 ||| FLEEEEING.
 39887 | Zot:2    | 39887 ||| FLEEEEING.
 39888 | Zot:2    | 39888 ||| FLEEEEING.
 39889 | Zot:2    | 39889 ||| ZAPPING wand of light (7) at -5,-1 (curse toe;
                  | floor).
 39890 | Zot:2    | 39890 ||| ZAPPING wand of light (6) at -5,-1 (curse toe;
                  | floor).
 39891 | Zot:2    | 39891 ||| ZAPPING wand of light (5) at -4,-1 (curse toe;
                  | floor).
 39891 | Zot:2    | HP: 31/200 [??? (29)]
 39892 | Zot:2    | 39892 ||| READING 4 scrolls of teleportation.
 39893 | Zot:2    | 39893 ||| DRINKING 4 potions of heal wounds.
 39894 | Zot:2    | 39894 ||| RETREEEEATING.
 39895 | Zot:2    | 39895 ||| DRINKING 3 potions of heal wounds.
 39896 | Zot:2    | 39896 ||| ZAPPING wand of light (4) at -2,-1 (curse toe;
                  | floor).
 39897 | Zot:2    | 39897 ||| ZAPPING wand of light (3) at -2,-1 (curse toe;
                  | floor).
 39898 | Zot:2    | 39898 ||| ZAPPING wand of light (2) at -2,-1 (curse toe;
                  | floor).
 39899 | Zot:2    | 39899 ||| ZAPPING wand of light (1) at -2,-1 (curse toe;
                  | floor).
 40181 | Zot:2    | 40181 ||| INVOKING Finesse.
 40185 | Zot:2    | Killed a curse toe
 40288 | Zot:3    | 40288 ||| STAIRDANCE
 40290 | Zot:2    | 40290 ||| RETREEEEATING.
 40291 | Zot:2    | 40291 ||| RETREEEEATING.
 40292 | Zot:2    | 40292 ||| INVOKING Finesse.
 40295 | Zot:2    | Reached XP level 27. HP: 172/207 MP: 0/0
 40295 | Zot:2    | Learned a level 9 spell: Dragon's Call
 40341 | Zot:3    | Received a gift from Okawaru
 40431 | Zot:3    | 40431 ||| FLEEEEING.
 40432 | Zot:3    | 40432 ||| FLEEEEING.
 40433 | Zot:3    | 40433 ||| FLEEEEING.
 40434 | Zot:3    | 40434 ||| FLEEEEING.
 40435 | Zot:3    | 40435 ||| FLEEEEING.
 40436 | Zot:3    | 40436 ||| FLEEEEING.
 40437 | Zot:3    | 40437 ||| FLEEEEING.
 40438 | Zot:3    | 40438 ||| FLEEEEING.
 40439 | Zot:3    | 40439 ||| FLEEEEING.
 40440 | Zot:3    | 40440 ||| FLEEEEING.
 40441 | Zot:3    | 40441 ||| FLEEEEING.
 40442 | Zot:3    | 40442 ||| FLEEEEING.
 40444 | Zot:3    | 40444 ||| FLEEEEING.
 40446 | Zot:3    | 40446 ||| STAIRDANCE
 40576 | Zot:3    | Noticed an orb of fire
 40578 | Zot:3    | Killed an orb of fire
 40607 | Zot:3    | Reached skill level 21 in Fighting
 40607 | Zot:3    | 40607 ||| RETREEEEATING.
 40608 | Zot:3    | 40608 ||| RETREEEEATING.
 40609 | Zot:3    | 40609 ||| RETREEEEATING.
 40613 | Zot:3    | 40613 ||| INVOKING Finesse.
 40958 | Zot:4    | Identified the ring of the Queen {^Contam rN+ Str+2 Slay+3
                  | Stlth+}
 41173 | Zot:4    | 41173 ||| RETREEEEATING.
 41174 | Zot:4    | 41174 ||| INVOKING Finesse.
 41633 | Zot:4    | 41633 ||| RETREEEEATING.
 41634 | Zot:4    | 41634 ||| INVOKING Finesse.
 41635 | Zot:4    | 41635 ||| RETREEEEATING.
 41636 | Zot:4    | 41636 ||| RETREEEEATING.
 41637 | Zot:4    | 41637 ||| RETREEEEATING.
 41638 | Zot:4    | 41638 ||| RETREEEEATING.
 41639 | Zot:4    | 41639 ||| RETREEEEATING.
 41640 | Zot:4    | 41640 ||| RETREEEEATING.
 41641 | Zot:4    | 41641 ||| RETREEEEATING.
 41642 | Zot:4    | 41642 ||| RETREEEEATING.
 41643 | Zot:4    | 41643 ||| RETREEEEATING.
 41644 | Zot:4    | 41644 ||| RETREEEEATING.
 41645 | Zot:4    | 41645 ||| RETREEEEATING.
 41646 | Zot:4    | 41646 ||| RETREEEEATING.
 41647 | Zot:4    | Received a gift from Okawaru
 41648 | Zot:4    | 41648 ||| INVOKING Heroism.
 41811 | Zot:4    | 41811 ||| FLEEEEING.
 41812 | Zot:4    | 41812 ||| FLEEEEING.
 42183 | Zot:4    | 42183 ||| PLANNING ORB
 42183 | Zot:4    | 42183 ||| DROPPING ring of the Queen {^Contam rN+ Str+2
                  | Slay+3 Stlth+}.
 42184 | Zot:4    | 42184 ||| READING 18 scrolls of identify.
 42184 | Zot:4    | 42184 ||| IDENTIFYING bubbling black potion
 42221 | Zot:5    | Entered Level 5 of the Realm of Zot
 42370 | Zot:5    | 42370 ||| RETREEEEATING.
 42371 | Zot:5    | 42371 ||| RETREEEEATING.
 42372 | Zot:5    | 42372 ||| RETREEEEATING.
 42373 | Zot:5    | 42373 ||| RETREEEEATING.
 42567 | Zot:5    | Noticed an ancient lich
 42568 | Zot:5    | 42568 ||| INVOKING Finesse.
 42573 | Zot:5    | Killed an ancient lich
 42573 | Zot:5    | Received a gift from Okawaru
 42602 | Zot:5    | Noticed a Killer Klown
 42619 | Zot:5    | 42619 ||| DRINKING potion of resistance.
 42619 | Zot:5    | Noticed a Killer Klown
 42620 | Zot:5    | 42620 ||| INVOKING Finesse.
 42625 | Zot:5    | Noticed an orb of fire
 42627 | Zot:5    | Killed a Killer Klown
 42629 | Zot:5    | Killed a Killer Klown
 42629 | Zot:5    | Noticed an orb of fire
 42629 | Zot:5    | Noticed a Killer Klown
 42631 | Zot:5    | Killed an orb of fire
 42633 | Zot:5    | Killed an orb of fire
 42638 | Zot:5    | Killed a Killer Klown
 42666 | Zot:5    | Noticed an orb of fire
 42669 | Zot:5    | Killed an orb of fire
 42730 | Zot:5    | Received a gift from Okawaru
 42733 | Zot:5    | Reached skill level 27 in Ranged Weapons
 42754 | Zot:5    | Got the Orb of Zot
 42755 | Zot:5    | 42755 ||| PLANNING ESCAPE
 42854 | Zot:4    | Noticed Wousuwan the pandemonium lord
 42855 | Zot:4    | 42855 ||| INVOKING Finesse.
 42860 | Zot:4    | Killed Wousuwan the pandemonium lord
 42896 | Zot:2    | Noticed a seraph
 42898 | Zot:2    | 42898 ||| RETREEEEATING.
 42899 | Zot:2    | 42899 ||| RETREEEEATING.
 42900 | Zot:2    | 42900 ||| RETREEEEATING.
 42901 | Zot:2    | 42901 ||| RETREEEEATING.
 42902 | Zot:2    | 42902 ||| RETREEEEATING.
 42903 | Zot:2    | 42903 ||| INVOKING Finesse.
 42906 | Zot:2    | Killed a seraph
 42922 | Zot:2    | Noticed Modanwoe the pandemonium lord
 42925 | Zot:2    | Killed Modanwoe the pandemonium lord
 43385 | D:4      | Received a gift from Okawaru
 43385 | D:4      | Noticed Solydir the pandemonium lord
 43386 | D:4      | 43386 ||| INVOKING Finesse.
 43394 | D:4      | Killed Solydir the pandemonium lord
 43496 | D:1      | Noticed Dabax the pandemonium lord
 43496 | D:1      | 43496 ||| INVOKING Finesse.
 43499 | D:1      | Killed Dabax the pandemonium lord
 43509 | D:$      | Escaped with the Orb!

Levels and vault maps discovered:
D:1:      arrival_aquarium_a, layout_basic
D:2:      layout_basic, palyth_stone_intersect, grunt_ministairs_5, uniq_natasha
D:3:      layout_rooms, nicolae_grassy_gnolls, uniq_crazy_yiuf_cottage
D:4:      layout_gridville, lemuel_round_altar, minmay_temple_entry_butterflies,
          uniq_eustachio
D:5:      layout_rooms, mainiacjoe_overflow_catwalk, kennysheep_little_box,
          ebering_ghost_rock_garden, chequers_arboretum, uniq_grinder
D:6:      layout_loops_corners, nicolae_concentric_dashed_squares_mild,
          grunt_decor_clamped, uniq_pikel
D:7:      layout_loops_ring, mainiacjoe_overflow_brackets,
          makhleb_grotto_becter, mainiacjoe_overflow_24_doors
D:8:      layout_basic, lemuel_crystal_altar, zin_treasury,
          nicolae_hepliaklqana_hazy_memory, general_overflow_altar, uniq_psyche,
          uniq_grum, uniq_gastronok
D:9:      layout_irregular_city, tso_altar, minmay_lair_entry_grove,
          minivault_10
D:10:     layout_roguey, kennysheep_mini_moat,
          mainiacjoe_overflow_surrounded_room,
          nicolae_gozag_cash_rules_everything_around_me, orc_david_3,
          uniq_nergalle
D:11:     layout_long_grid, fedhas_altar_3, uniq_snorg
D:12:     layout_loops_ring, uniq_jorgrun, uniq_lodul
D:13:     layout_basic, david_vaults_4
D:14:     layout_cave_pools, minmay_door_square, serial_bayou,
          serial_bayou_lagoon_a, serial_bayou_pond_e, serial_bayou_shore_b,
          serial_bayou_pond_b, uniq_frances
D:15:     hangedman_depths_entry_try_elsewhere_first, layout_loops_ring,
          kennysheep_slug_shrine, uniq_azrael
Temple:   corrupted_temple
Lair:1:   layout_chaotic_city, infiniplex_staircase_pool, grunt_megastairs_3,
          lemuel_fruit_fields
Lair:2:   layout_loops_ring, elwin_shoals_entry_stream,
          portal_ice_cave_demonic_guard
Lair:3:   layout_hall_layers, minmay_snake_entry_six_corridors,
          hangedman_tree_tricks, chequers_serial_rivers_room_b,
          minmay_hedge_maze, grunt_forest_large_clearing_hut
Lair:4:   layout_layer_cave
Lair:5:   minmay_lair_end_frog_pond, layout_hall_layers, slime_entry_2
Shoals:1: layout_shoals, uniq_louise
Shoals:2: layout_shoals, uniq_polyphemus
Shoals:3: layout_shoals
Shoals:4: shoals_end_hellmonk_holy_island, serial_shops
Snake:1:  layout_cave_shapes, serial_bayou_pond_a, uniq_roxanne, uniq_aizul
Snake:2:  layout_onion, grunt_megastairs_1, uniq_nikola
Snake:3:  layout_concentric_octagons, ebering_ghost_disaster_area, st_stairs_11,
          uniq_vashnia, uniq_bai_suzhen
Snake:4:  snake_pit_salamanders_mu, layout_gridlike, uniq_mara
Orc:1:    layout_caves, basic_altar, uniq_erolcha
Orc:2:    st_orc_town, layout_caves, enter_volcano_3, mines5_lemuel
Vaults:1: v_misc_8, v_misc_23, ontoclasm_vaults_ring_small,
          serial_library_regret_index_small_wings,
          nicolae_vaults_cornered_office, nicolae_vaults_theta,
          nicolae_vaults_storage_closets_3, nicolae_vaults_arrows, v_rooms_3,
          v_rooms_1, v_misc_24, hangedman_vaults_trim, v_misc_24,
          nicolae_vaults_oval_intersection, layout_vaults_maze, serial_shops,
          shop
Vaults:2: nicolae_vaults_triangles, nicolae_vaults_closet_pinwheel_2,
          nicolae_vaults_variable_pillar_hall, v_misc_31,
          nicolae_vaults_tetromino_L_2, nicolae_vaults_diamond_1,
          grunt_vaults_funnel, layout_vaults_big_room
Vaults:3: st_spiral_rooms, nicolae_vaults_little_squares_2,
          minmay_crypt_entry_simple_sparse, v_misc_32, v_misc_3,
          nicolae_vaults_layer_cake_slice, nicolae_vaults_door_testing_chamber,
          dpeg_vaults_monster_box, nicolae_vaults_alarming,
          nicolae_vaults_yaktaur_gun_rack, layout_vaults_omnibox
Vaults:4: vaults_room_fours, v_misc_3, nicolae_vaults_tetromino_L_2,
          nicolae_vaults_sealed_display, v_misc_8,
          nicolae_vaults_closet_pinwheel_4, v_misc_8,
          nicolae_vaults_tetromino_L_2, nicolae_vaults_more_shelving_1,
          vaults_mumra_hex, serial_ice_b, layout_vaults_quadrants, uniq_mennas
Vaults:5: uniq_margery
Depths:1: layout_forbidden_donut, enter_ziggurat_f, serial_rivers,
          chequers_serial_rivers_small_b, chequers_serial_rivers_micro_e,
          chequers_serial_rivers_room_a, chequers_serial_rivers_micro_c,
          grunt_pan_entry_in_and_out, hell_entry, drop_trap,
          dreamdust_wishing_well, feat_on_display, grunt_megastairs_5
Depths:2: hangedman_stitches_corridor, layout_gridlike, pan_entry,
          chequers_decorated_corner, hellmouth_1, uniq_josephina,
          uniq_enchantress
Depths:3: minmay_the_grid_octo_tiled_octocenter [minmay_the_grid_octo_pinwheel,
          minmay_the_grid_octo_tetromino_candy, minmay_the_grid_octo_shrine,
          minmay_the_grid_octo_vomiting_pacman,
          minmay_the_grid_octo_prize_single_spiral,
          minmay_the_grid_square_5x5_minibox,
          minmay_the_grid_square_5x5_shuriken,
          minmay_the_grid_square_5x5_moneybag,
          minmay_the_grid_square_5x5_intrusive_squares], layout_cave_shapes,
          rand_demon_pan_entry_7, hangedman_abyss_entry_splay,
          grunt_hell_entry_dis_grunt
Depths:4: evilmike_zot_entry_hall, layout_cave_pools,
          nicolae_wu_jian_immortal_techniques, hell_entry, pan_entry,
          uniq_frederick
Zot:1:    layout_misc_corridors, grunt_megastairs_2
Zot:2:    regret_index_zot_pan_timeshare, layout_gridlike, skrybe_zot_glass_1,
          lemuel_lake_of_fire
Zot:3:    layout_cellular_growth, hangedman_zot_decor_slant
Zot:4:    layout_cathedral_of_symmetry, regret_index_zotdec_abyssal_star_handed,
          skrybe_zot_glass_2
Zot:5:    layout_gridlike

Skill      XL: |  1  2  3  4  5  6  7  8  9 10 11 12 13 14 15 16 17 18 19 20 21 22 23 24 25 26 27 |
---------------+----------------------------------------------------------------------------------+-----
Ranged Weapons | 4 5 6 7 8 9 10 11 13 14 15 16 17 19 20 21 22 23 24 25 26 27 | 27.0
Fighting       | 3 4 5 6 7 8 9 10 11 12 13 14 15 16 17 18 19 20 21 | 21.9
Dodging        | 3 4 6 7 8 9 10 11 12 14 15 16 17 19 20 21 22 23 | 23.0
Armour         | 1 2 5 6 8 9 10 11 12 13 14 15 16 | 16.2
Invocations    | 4 5 8 10 | 10.0
Stealth        | |  0.7

Action                     |  1- 3 |  4- 6 |  7- 9 | 10-12 | 13-15 | 16-18 | 19-21 | 22-24 | 25-27 || total
---------------------------+-------+-------+-------+-------+-------+-------+-------+-------+-------++-------
   Fire: Shortbow          |    62 |    35 |       |       |       |       |       |       |       ||    97
         Orcbow            |       |    78 |   150 |   463 |  1145 |   978 |       |       |       ||  2814
         Hand cannon       |       |       |       |       |       |   251 |       |       |       ||   251
         Heavy crossbow    |       |       |       |       |       |   118 |   566 |   613 |   635 ||  1932
 Invoke: Heroism           |       |       |     2 |     1 |       |       |     1 |     2 |     2 ||     8
         Finesse           |       |       |       |     4 |     9 |    18 |     9 |    20 |    24 ||    84
         Receive Weapon    |       |       |       |     1 |       |       |       |       |       ||     1
         Receive Armour    |       |       |       |     1 |       |       |       |       |       ||     1
  Evoke: Wand              |       |       |       |       |       |     4 |     4 |     3 |    11 ||    22
    Use: Scroll            |     2 |     5 |     7 |     8 |     8 |     7 |     1 |     4 |     4 ||    46
         Potion            |       |     1 |     4 |       |       |     1 |     1 |     4 |     9 ||    20
 Armour: Leather armour    |    19 |    22 |    14 |    54 |       |       |       |       |       ||   109
         Swamp dragon scal |       |       |       |    10 |   151 |   193 |   332 |   249 |   232 ||  1167
  Dodge: Dodged            |    13 |    27 |    16 |   192 |   299 |   507 |   854 |   727 |   777 ||  3412

Table legend:
 A = Non-vault XP
 B = Vault XP
 C = Vault XP percentage of total XP
 D = Non-vault monster count
 E = Vault monster count
 F = Vault count percentage of total count
                 A         B        C        D         E       F
            +---------+---------+-------+---------+---------+-------
      Total |  655736 |  559186 |  46.0 |    1176 |     691 |  37.0
            +---------+---------+-------+---------+---------+-------
        D:1 |      26 |       0 |   0.0 |      14 |       0 |   0.0
        D:2 |     114 |      38 |  25.0 |      26 |       3 |  10.3
        D:3 |      45 |      97 |  68.3 |      14 |       5 |  26.3
        D:4 |     266 |     191 |  41.8 |      17 |       1 |   5.6
        D:5 |     466 |     277 |  37.3 |      20 |       1 |   4.8
        D:6 |     878 |     673 |  43.4 |      12 |       1 |   7.7
        D:7 |     897 |      50 |   5.3 |       9 |       1 |  10.0
        D:8 |     893 |    2505 |  73.7 |      22 |       7 |  24.1
        D:9 |    1808 |    1893 |  51.1 |      16 |      10 |  38.5
       D:10 |    6707 |    1046 |  13.5 |      42 |       6 |  12.5
       D:11 |    4920 |     987 |  16.7 |      16 |       1 |   5.9
       D:12 |    8204 |    3277 |  28.5 |      25 |       9 |  26.5
       D:13 |    5545 |    2166 |  28.1 |      11 |       4 |  26.7
       D:14 |   14289 |    2251 |  13.6 |      30 |       3 |   9.1
       D:15 |    8094 |    4703 |  36.8 |      22 |      12 |  35.3
     Lair:1 |    9575 |    1329 |  12.2 |      39 |       9 |  18.8
     Lair:2 |    4847 |    2083 |  30.1 |      26 |       6 |  18.8
     Lair:3 |    3493 |    3419 |  49.5 |      10 |      12 |  54.5
     Lair:4 |    2196 |       0 |   0.0 |       7 |       0 |   0.0
     Lair:5 |    8166 |    9538 |  53.9 |      28 |      35 |  55.6
   Shoals:1 |   19744 |    1180 |   5.6 |      34 |       1 |   2.9
   Shoals:2 |   17113 |    4760 |  21.8 |      33 |       5 |  13.2
   Shoals:3 |   12213 |     526 |   4.1 |      26 |       1 |   3.7
   Shoals:4 |   13529 |   31257 |  69.8 |      25 |      42 |  62.7
    Snake:1 |   13489 |    2660 |  16.5 |      28 |       2 |   6.7
    Snake:2 |    6478 |    4508 |  41.0 |      14 |       6 |  30.0
    Snake:3 |   20601 |    9332 |  31.2 |      35 |       7 |  16.7
    Snake:4 |   23275 |   31150 |  57.2 |      40 |      45 |  52.9
      Orc:1 |    2136 |     857 |  28.6 |      25 |       1 |   3.8
      Orc:2 |    2652 |    9755 |  78.6 |      20 |      67 |  77.0
   Vaults:1 |   26440 |   36875 |  58.2 |      40 |      53 |  57.0
   Vaults:2 |   28304 |   14509 |  33.9 |      39 |      21 |  35.0
   Vaults:3 |   19191 |   28121 |  59.4 |      29 |      39 |  57.4
   Vaults:4 |   44435 |   49328 |  52.6 |      61 |      62 |  50.4
   Vaults:5 |   13958 |   84458 |  85.8 |      20 |      68 |  77.3
   Depths:1 |   34779 |    6389 |  15.5 |      41 |       7 |  14.6
   Depths:2 |   29784 |   42366 |  58.7 |      37 |      39 |  51.3
   Depths:3 |   41896 |   38268 |  47.7 |      49 |      29 |  37.2
   Depths:4 |   42803 |   16761 |  28.1 |      49 |      12 |  19.7
      Zot:1 |   21531 |    6359 |  22.8 |      16 |       5 |  23.8
      Zot:2 |   48292 |   39758 |  45.2 |      43 |      25 |  36.8
      Zot:3 |   29834 |       0 |   0.0 |      20 |       0 |   0.0
      Zot:4 |   37367 |       0 |   0.0 |      28 |       0 |   0.0
      Zot:5 |   24463 |   63486 |  72.2 |      18 |      28 |  60.9
            +---------+---------+-------+---------+---------+-------
